Cogmind - Beta 17.1 @@@ ROGUE MODE // 2026.09.14 @ 08:22:25 Player: naththebg Result: Establishing 0b11! Performance ------------- Evolutions (9) 4500 Regions Visited (33) 6600 Robots Destroyed (2624) 13120 Value Destroyed (176018) 176018 Prototype IDs (379) 7580 Alien Tech Used (12) 2400 Bonus (234779) 234779 TOTAL SCORE: 444997 Bonus ------- Triggered High Security 3000 High Alert Combat Kills 130037 Follower Combat Kills 4012 Prayed to X0-1V1 5000 Major X0-1V1 Interference 37450 Entered Garrisons 800 Network Hubs Disabled 600 Acquired ECA 300 Met Warlord at Base 500 MAIN.C Attacked Warlord 500 Warlord Defense Kills 7318 Met R17 at Cetus 500 Met Warlord at Research 2000 Invited to Help at Command 2000 Scanned by Researcher 500 Met Sigix 2000 Recovered Sigix Corpse 2000 Destroyed MAIN.C Guards 500 Met MAIN.C 5000 Destroyed MAIN.C Shell 5000 Destroyed MAIN.C 10000 Destroyed A8 300 Destroyed A6 400 Destroyed A5 500 Destroyed A4 700 Destroyed A3 800 Destroyed A2 1000 Destroyed Architect 15000 Win 3000 Friendly Fire -5938 Cogmind --------- Core Integrity 1559/1775 Matter 854/1000 Energy 2175/2185 System Corruption 0% Temperature Cool (8) Movement Treading (98) Location 0b11 Command Parts ------- > --- POWER (2) -------- Vortex-Quantum Reactor > --- PROPULSION (6) --- Treaded HC-Biometal Exoskeleton Cooled Q-thruster > --- UTILITY (12) ----- Armored Scrap Engine Coolant Network High-capacity Storage Unit Spectral Analyzer Concept Networked Targeting System (fused) Experimental Core Analyzer Advanced Kinecellerator (fused) Experimental Powered Armor Experimental Powered Armor AEGIS Remote Shield (fused) > --- WEAPON (6) ------- Hpw. Accelerated Rail Construct/C Sigix Broadsword > --- INVENTORY (20) --- Vortex Chain Reactor Cooled Q-thruster Coolant Network Improved Matter Compressor (300) Experimental Matter Compressor (419) Concept NT7 Matterbank (342) Experimental Targeting Computer Experimental Cloaking Device Experimental Powered Armor AEGIS Remote Shield Concept Matter Streamer Core Cannon Helical Railgun Helical Railgun A3's Sniper Rifle Sigix Corpse Peak State ------------ > --- POWER ------------ Vortex-Quantum Reactor > --- PROPULSION ------- Treaded HC-Biometal Exoskeleton High-density Centrium Wheel > --- UTILITY ---------- Armored Scrap Engine Coolant Network High-capacity Storage Unit Spectral Analyzer Concept Networked Targeting System Experimental Core Analyzer Advanced Kinecellerator Experimental Powered Armor Experimental Powered Armor AEGIS Remote Shield > --- WEAPON ----------- Hpw. Accelerated Rail Construct/C Sigix Broadsword > --- INVENTORY -------- High-density Centrium Wheel High-density Centrium Wheel High-density Centrium Wheel Cooled Q-thruster Cooled Q-thruster Coolant Network Improved Matter Compressor Experimental Matter Compressor Concept NT7 Matterbank Experimental Targeting Computer Experimental Cloaking Device Experimental Powered Armor AEGIS Remote Shield Concept Matter Streamer High-powered Transdimensional Reconstructor Core Cannon A3's Sniper Rifle [Rating: 269] Favorites ----------- Power Constructs Engine Improved Deuterium Engine Power Core Light Nuclear Core Reactor Constructs Propulsion Constructs Treads Constructs Leg Carbon-fiber Leg Wheel Wheel Hover Unit Experimental Antigrav System Flight Unit Cooled Field Propulsion Drive Utility Armored Scrap Engine Device Armored Scrap Engine Storage Huge Storage Unit Processor Experimental Core Analyzer Hackware Architect God Chip D Protection SHELL Armor Artifact Phase Armor Weapon Constructs Energy Gun Constructs Energy Cannon Advanced Beam Cannon Ballistic Gun Gauss Rifle Ballistic Cannon Constructs Launcher Concept Tactical Fusion Warhead Special Weapon Advanced Remote Datajack Impact Weapon Heavy Flail Slashing Weapon Sigix Broadsword Special Melee Weapon Chaos Jack Build | -11 -10 -10 -8 -8 -8 -8 -6 -6 -6 -6 -6 -6 -5 -5 -5 -5 -5 -5 -4 -4 -4 -4 -4 -4 -3 -3 -3 -2 -2 -2 -1 -1 -1 ------- Run | Yrd Mat Sub Mat Gar Sto Rec Fac Was Fac Gar Fac Gar Fac Was Fac Upp Upp War Pro Fac Ext Cet Arc Hub Res Qua Gar Res Tes Frg Acc Com Ac0 Slots Evolved 18 | . . . 4 . . . 4 . . . . . 2 . . . . . . 2 . . . . 2 . . 2 . . 2 . . Power . | . . . . . . . . . . . . . . . . . . . . . . . . . . . . . . . . . . Propulsion 3 | . . . 1 . . . 1 . . . . . 1 . . . . . . . . . . . . . . . . . . . . Utility 10 | . . . 2 . . . 2 . . . . . 1 . . . . . . 1 . . . . 2 . . 1 . . 1 . . Weapon 5 | . . . 1 . . . 1 . . . . . . . . . . . . 1 . . . . . . . 1 . . 1 . . Parts Attached 368 | 6 13 1 23 19 24 7 8 4 4 4 . 2 2 . 7 1 6 1 2 5 8 . 3 13 17 3 2 28 17 36 19 62 21 Power 10 | 1 1 . 1 2 2 . . . . . . . . . . . . . . . . . . . . . . . . 3 . . . Engine 5 | 1 1 . 1 1 1 . . . . . . . . . . . . . . . . . . . . . . . . . . . . Core 2 | . . . . 1 1 . . . . . . . . . . . . . . . . . . . . . . . . . . . . Reactor 3 | . . . . . . . . . . . . . . . . . . . . . . . . . . . . . . 3 . . . Propulsion 33 | 2 1 . 9 6 8 1 . 1 . . . . . . . . . . . . . . . . . . . . . 2 1 1 1 Treads 23 | 2 1 . 9 2 8 1 . . . . . . . . . . . . . . . . . . . . . . . . . . . Leg 6 | . . . . 3 . . . . . . . . . . . . . . . . . . . . . . . . . 1 1 1 . Wheel 1 | . . . . 1 . . . . . . . . . . . . . . . . . . . . . . . . . . . . . Hover 1 | . . . . . . . . . . . . . . . . . . . . . . . . . . . . . . 1 . . . Flight 2 | . . . . . . . . 1 . . . . . . . . . . . . . . . . . . . . . . . . 1 Utility 227 | 1 5 . 5 2 2 3 5 3 4 4 . 2 2 . 7 1 6 1 2 4 4 . 3 13 17 3 2 21 10 25 14 42 14 Device 151 | . 3 . 3 2 . 3 4 3 3 4 . 1 2 . 5 1 5 1 2 . 2 . 3 11 10 2 2 13 6 19 8 29 4 Storage 15 | 1 1 . 1 . . . . . 1 . . . . . 1 . . . . 1 . . . . . . . 2 1 1 2 3 . Processor 26 | . . . 1 . . . 1 . . . . 1 . . . . . . . 2 . . . 1 2 . . 5 2 2 1 8 . Hackware 4 | . . . . . . . . . . . . . . . . . . . . . . . . . 1 . . . . . . . 3 Protection 29 | . 1 . . . 2 . . . . . . . . . 1 . 1 . . 1 2 . . 1 4 1 . . 1 3 2 2 7 Artifact 2 | . . . . . . . . . . . . . . . . . . . . . . . . . . . . 1 . . 1 . . Weapon 98 | 2 6 1 8 9 12 3 3 . . . . . . . . . . . . 1 4 . . . . . . 7 7 6 4 19 6 Energy Gun 23 | 1 2 . . 3 5 . 1 . . . . . . . . . . . . . 1 . . . . . . . 3 1 1 3 2 Energy Cannon 15 | . . . . . 4 2 . . . . . . . . . . . . . . 1 . . . . . . 2 . 1 1 4 . Ballistic Gun 25 | 1 3 . 4 4 3 1 . . . . . . . . . . . . . . 2 . . . . . . 3 1 . . 2 1 Ballistic Cannon 9 | . . . . 1 . . 2 . . . . . . . . . . . . . . . . . . . . 1 2 . . 1 2 Launcher 22 | . 1 1 4 . . . . . . . . . . . . . . . . 1 . . . . . . . 1 1 3 2 8 . Special Weapon 1 | . . . . . . . . . . . . . . . . . . . . . . . . . . . . . . . . 1 . Impact Weapon 1 | . . . . 1 . . . . . . . . . . . . . . . . . . . . . . . . . . . . . Slashing Weapon 2 | . . . . . . . . . . . . . . . . . . . . . . . . . . . . . . 1 . . 1 Piercing Weapon . | . . . . . . . . . . . . . . . . . . . . . . . . . . . . . . . . . . Special Melee Weapon . | . . . . . . . . . . . . . . . . . . . . . . . . . . . . . . . . . . Unidentified Prototypes 78 | . 2 . 1 . 8 2 . 1 1 . . . . . . . . . . 3 1 . . 5 3 . 1 9 6 9 5 12 9 Corrupted Parts 11 | . 1 . . . 2 . . . . . . . . . . . 1 . . . . . . . . . 1 2 2 . . 2 . System Corruption 52 | . 1 . . . 2 . . . . . . . . . . . 8 . . . . . . . . . 10 9 7 . . 15 . Parts Lost 73 | . 4 . 4 18 2 . . . . 1 . 2 . . 2 1 . 1 2 2 . . . . 1 . . 3 8 13 2 5 2 Power 4 | . 1 . . 1 . . . . . . . . . . . . . . . . . . . . . . . . . 2 . . . Propulsion 11 | . . . 1 7 . . . . . . . . . . . . . . . . . . . . . . . . . 3 . . . Utility 39 | . 1 . 2 2 . . . . . 1 . 2 . . 2 1 . 1 2 2 . . . . 1 . . 3 6 7 1 3 2 Weapon 19 | . 2 . 1 8 2 . . . . . . . . . . . . . . . . . . . . . . . 2 1 1 2 . Highest Loss Streak 8 | . 1 . 3 8 1 . . . . 1 . 1 . . 1 1 . 1 1 1 . . . . 1 . . 1 3 3 1 1 1 To Critical Strikes 3 | . . . . . . . . . . . . . . . . . . . . . . . . . . . . . . 3 . . . Average Backups 18 | 4 10 14 15 12 18 16 18 18 21 24 24 22 21 24 24 21 24 21 20 20 23 24 24 23 22 21 21 20 18 18 18 15 14 Power 1 | . . . 1 1 1 1 1 1 1 1 1 1 1 1 1 . . . . . 2 4 3 2 1 1 1 1 1 . 1 1 1 Propulsion 1 | 2 4 5 3 1 1 1 1 1 2 1 1 . . . 1 2 2 2 2 2 2 2 2 2 1 . . . . . . . 1 Utility 10 | . 1 2 3 4 3 4 8 8 9 10 10 8 8 11 12 12 14 13 14 13 13 14 13 15 13 12 11 11 8 10 11 11 9 Weapon 5 | 1 3 6 5 4 11 10 7 6 8 12 12 12 12 12 8 6 6 4 2 3 5 4 5 3 6 6 6 5 6 5 5 2 1 Tool/Special . | . . . . . . . . . . . . . . . . . . . . . . . . . . . . . . . . . . Unused Backups 187 | . 1 . 4 . 6 3 12 3 2 3 5 1 1 . 7 6 . 6 2 7 11 . 4 7 23 10 1 17 2 12 3 19 9 Power 15 | . . . . . . . . 2 . . . . . . . 1 . . . . . . 2 2 1 . . 2 . 3 . 1 1 Propulsion 28 | . . . 3 . 2 . . . . . 1 1 . . . . . . . 3 1 . . 2 3 1 . 3 . 1 . 3 4 Utility 51 | . . . . . 3 . 2 1 . . 1 . . . . 1 . . . 1 2 . . 2 8 5 . 6 . 5 1 9 4 Weapon 92 | . 1 . 1 . . 3 10 . 2 3 3 . 1 . 7 4 . 6 2 3 8 . 2 1 11 4 1 6 2 3 2 6 . Tool/Special 1 | . . . . . 1 . . . . . . . . . . . . . . . . . . . . . . . . . . . . Average Slot Usage (%) 56 | . 82 100 89 94 100 71 53 55 53 53 53 52 51 52 51 51 52 51 50 48 51 47 50 51 52 47 47 53 54 50 48 49 52 Engine 1 | . 9 14 9 6 7 6 4 . . 2 6 4 . . . . . . . . . . . . . . . . . . . . . Reactor 2 | . . . . . . . 1 1 . 3 . . 5 5 4 2 5 3 . 5 4 4 4 3 . . 3 3 3 5 3 3 3 Treads 4 | . 24 28 26 7 25 13 3 1 6 4 . . . . 1 . . . 4 5 2 . 1 . 2 . . . 1 . 2 2 3 Leg 1 | . . . . 12 . . . . . . . . 5 1 . 2 . . . . . . 2 4 1 3 . 2 2 2 1 1 . Device 19 | . 6 . 10 16 11 16 20 26 26 26 26 21 21 23 22 22 23 26 25 19 20 19 20 24 23 14 14 19 22 16 16 20 19 Storage 5 | . 12 14 9 9 9 9 6 6 6 6 6 6 5 5 5 5 5 5 5 5 4 4 4 5 4 4 4 3 3 4 3 3 3 Processor 5 | . . . 5 9 5 . 4 . . . . 4 5 5 5 5 5 1 . 3 4 4 4 4 4 9 9 13 10 8 7 5 7 Protection 2 | . 3 14 1 . 9 2 . . . . . . . . . . . . 1 4 4 4 4 1 3 4 4 . . 3 4 3 4 Energy Cannon 2 | . . . . . 18 9 1 1 5 2 . . 1 . 1 4 5 4 4 4 1 . . . 3 4 . . 1 2 3 . . Ballistic Gun 1 | . 6 26 25 13 5 3 . . . . . . . . . . . . . . . . . . . . . 1 . . . . . Ballistic Cannon 2 | . . . . . . 1 5 4 . 3 6 5 3 5 3 . . . . . 3 4 4 5 . . 3 3 2 1 . 3 6 Peak Build Rating 269 | 6 21 12 37 36 33 75 92 111 103 104 104 111 114 117 123 118 124 118 125 140 142 140 153 154 167 179 186 225 232 258 259 260 269 Average Rating 164 | 4 9 11 28 30 29 50 75 101 100 98 102 106 111 115 116 112 117 114 117 125 134 140 147 145 158 167 181 210 211 220 241 233 252 On Entrance 116 | . 6 12 12 36 31 28 59 92 103 102 102 104 101 114 117 111 116 118 113 117 133 140 140 145 146 159 178 186 189 213 235 249 255 Avg Prop Armor Cover (%) 9 | . . . . 9 8 16 . . . . . . . . . . . . . . . . . . . . . . . . . . . Naked Turns . | . . . . . . . . . . . . . . . . . . . . . . . . . . . . . . . . . . Heaviest Build 211 | 12 34 34 64 64 69 69 83 96 126 137 120 127 139 125 159 159 144 145 146 137 165 165 175 169 176 175 192 201 187 211 203 204 196 Greatest Support 296 | 40 40 40 63 63 60 89 67 153 153 153 126 126 53 53 112 112 80 80 151 151 259 259 259 259 177 177 226 248 296 205 255 287 259 Greatest Overweight (x) 4 | . . . 1 4 2 2 1 1 . 1 . 2 2 2 2 1 1 1 1 . . . . . . 1 2 . 1 1 2 . . Average Overweight (x) . | . . . . 1 . . . . . . . . 2 2 1 1 1 1 . . . . . . . . . . . . . . . Largest Inventory Capacity 25 | 8 15 15 20 20 20 20 20 20 25 25 25 25 25 25 25 25 25 25 25 25 25 25 25 25 25 25 25 25 25 25 25 20 20 Average Capacity 22 | 7 12 15 16 15 18 20 20 20 23 25 25 25 25 25 25 25 25 25 25 25 25 25 25 25 25 25 25 25 25 25 23 20 20 Most Carried 25 | 8 14 14 19 16 20 20 20 20 25 25 25 25 23 25 25 25 25 25 25 25 25 25 25 25 25 25 25 25 25 25 25 20 20 Average Carried 20 | 5 10 14 15 12 18 16 18 18 22 24 24 23 22 24 24 24 24 21 23 23 24 24 24 24 24 24 24 24 23 23 21 18 17 Final Capacity 25 | 8 15 15 20 15 20 20 20 20 25 25 25 25 25 25 25 25 25 25 25 25 25 25 25 25 25 25 25 25 25 25 25 20 20 Final Carried 25 | 7 14 14 16 12 19 15 16 19 25 25 25 21 23 25 25 25 25 20 24 25 24 25 24 25 25 25 25 25 25 25 25 19 19 Scrap Engine Consumption 421 | . . . . . . 35 23 3 14 1 1 1 10 14 18 5 3 13 4 6 15 6 2 19 16 4 7 36 18 44 21 82 . Constructs Created 31 | . . . . . . 7 . . . . . . . . . . . . . 3 . . . . . . . . 2 8 6 5 . Constructs Modified 488 | . . . . . . 65 27 15 3 20 . 16 3 1 27 18 . 4 5 3 15 . 17 9 4 2 19 19 21 55 37 83 . Class Distribution -------------------- 43% | Construct 39% | Scavenger-Construct 4% | Mutant Dominant Class ---------------- Mutant | -10/Materials Mutant | -10/Subcaves Gunner | -8/Materials Scavenger-Gunner | -8/Garrison Scavenger-Tank | -8/Storage Construct | -8/Recycling Construct | -6/Factory Construct | -6/Waste Construct | -6/Factory Construct | -6/Garrison Construct | -6/Factory Construct | -6/Garrison Construct | -5/Factory Construct | -5/Waste Construct | -5/Factory Construct | -5/Upper Caves Construct | -5/Upper Caves Construct | -5/Warlord Construct | -4/Proximity Caves Construct | -4/Factory Commander-Construct | -4/Extension Construct | -4/Cetus Construct | -4/Archives Construct | -4/Hub_04(d) Construct | -3/Research Construct | -3/Quarantine Construct | -3/Garrison Scavenger-Construct | -2/Research Scavenger-Construct | -2/Testing Scavenger-Construct | -2/Protoforge Construct | -1/Access Scavenger-Construct | -1/Command Scavenger-Construct | -1/Access_0 Resources | -11 -10 -10 -8 -8 -8 -8 -6 -6 -6 -6 -6 -6 -5 -5 -5 -5 -5 -5 -4 -4 -4 -4 -4 -4 -3 -3 -3 -2 -2 -2 -1 -1 -1 ----------- Run | Yrd Mat Sub Mat Gar Sto Rec Fac Was Fac Gar Fac Gar Fac Was Fac Upp Upp War Pro Fac Ext Cet Arc Hub Res Qua Gar Res Tes Frg Acc Com Ac0 Matter Collected 66951 | 231 812 38 1617 905 803 1091 575 1052 1154 1370 326 459 27 26 1860 837 348 122 613 98 1072 10 227 1165 623 478 104 5896 2976 9609 9507 12607 8313 Remotely 11926 | . . . . . . . . . . . . . . . . . . . . . . . . 102 . . . . . 2476 5346 3468 534 Salvage Created 159142 | 156 685 366 3083 971 1410 551 913 1511 2044 2610 1080 2497 449 1587 3255 788 455 2527 624 745 2779 479 432 3292 1728 1664 2885 19143 7674 34204 20811 29877 5867 Parts 5557 | 14 27 23 161 47 88 24 31 28 47 130 65 124 20 35 115 12 11 39 26 20 45 11 8 102 27 34 46 624 237 1033 673 1173 457 Haulers Intercepted 41 | . 1 . 2 . 6 . . . 3 . . . 1 . 2 . . . . . 6 . . 7 2 1 . 9 . . 1 . . Recyclers Shooed 12 | 1 . . 2 . 1 . 3 . 1 . . . . . . . . . . 1 3 . . . . . . . . . . . . Parts Field Recycled . | . . . . . . . . . . . . . . . . . . . . . . . . . . . . . . . . . . Retrieved Matter . | . . . . . . . . . . . . . . . . . . . . . . . . . . . . . . . . . . Parts Self-Destructed 62 | . . 20 . . . . . . . . . . . . . 8 2 . 32 . . . . . . . . . . . . . . Prevented 12 | . . . . . . . . . . . . . . . . 4 7 . 1 . . . . . . . . . . . . . . Parts Restored 2 | . . . . . . . . . . . . . . . . . . . . . . . . . . . . . . 2 . . . Faulty 2 | . . . . . . . . . . . . . . . . . . . . . . . . . . . . . . 2 . . . Kills | -11 -10 -10 -8 -8 -8 -8 -6 -6 -6 -6 -6 -6 -5 -5 -5 -5 -5 -5 -4 -4 -4 -4 -4 -4 -3 -3 -3 -2 -2 -2 -1 -1 -1 ------- Run | Yrd Mat Sub Mat Gar Sto Rec Fac Was Fac Gar Fac Gar Fac Was Fac Upp Upp War Pro Fac Ext Cet Arc Hub Res Qua Gar Res Tes Frg Acc Com Ac0 Combat Hostiles Destroyed 2578 | . 13 10 54 29 14 9 7 5 22 41 16 47 4 6 62 26 11 59 26 12 34 9 4 38 22 26 46 259 137 602 329 546 53 Melee 8 | . . . . . . . . . . 1 . . . . 1 . . . 1 . . . . . . . . 2 . . . 3 . Guns 73 | . 11 7 32 11 8 2 . . . . . . . . . . . . . . . . . . . . . . . . . 2 . Cannons 1579 | . . . . . 5 7 6 5 8 39 16 47 4 6 53 22 7 38 24 7 20 1 3 35 8 15 26 251 134 299 185 256 52 AOE 743 | . 2 3 22 15 . . . . 3 . . . . . 2 1 . . . . . . . . . . . . 2 292 132 269 . Classes Destroyed 36 | 2 6 2 3 2 2 . . 1 1 . 1 1 . . 2 2 . 3 1 . . . . . . 1 . 4 . 2 . . . Worker 31 | . . . 2 . . . . . 1 . . . 1 . 4 . . . . 1 . . . 4 1 . . . . 6 3 8 . Builder 27 | . 2 . 3 . . 3 . . 2 . 3 . . . 4 . . . . . 1 . . . . . . . . 1 8 . . Tunneler 10 | 4 1 . . . . . . . 1 . 1 . . . 1 . . . . 1 . . . . . . . . . . 1 . . Hauler 41 | . 1 . 2 . 6 . . . 3 . . . 1 . 2 . . . . . 6 . . 7 2 1 . 9 . . 1 . . Recycler 39 | 1 1 . 7 . 2 1 4 . 3 . . . . . 3 . . . . 3 6 . . 3 . . . . 1 . 2 2 . Carrier 42 | . . . . . . . . . . . . . . . 2 . . . . . . . . . 1 1 . 11 3 8 16 . . Minesweeper 2 | . . . . . . . . . . . . . . . . 1 . . 1 . . . . . . . . . . . . . . Mechanic 97 | . . . 2 . . . . . . . . . 1 . . . . 1 . . . . . 2 . . . 21 5 31 25 9 . Operator 33 | . 1 . 4 . 2 . 1 . . . . . . . 4 . . . . 5 1 . 9 . . . . 1 2 2 . 1 . Drone 12 | . . . . . . . . . . . . . . . . . . . 2 . . . . . . . . . . 10 . . . Watcher 46 | . 3 . 3 . 2 . 1 . 3 . 1 . 1 . 3 . . . . 2 2 2 . 3 1 1 . . 1 4 1 12 . Swarmer 156 | . 3 1 7 3 . . . . 4 13 3 13 . . 7 1 . 3 1 . . . . 2 . 3 8 33 2 3 5 41 . Cutter 22 | . . . . . . . . . . . . . . . . . . . . . . . . . . . . . . . 8 14 . Saboteur 101 | . . . . . . . . . . . . 2 . . 1 . . . 1 . . . . . . . . 6 11 38 19 23 . Grunt 843 | . 10 7 38 15 7 2 . . 12 9 3 15 1 . 27 16 3 25 8 . 14 . . 13 4 11 18 69 37 245 83 151 . Brawler 153 | . . . . . 1 . . . . 3 1 1 . . 4 1 1 4 1 . 4 . . 1 . 1 1 8 14 47 24 36 . Duelist 140 | . . . . 2 . . . . . 1 1 2 . . 1 4 1 2 3 . 1 . . 1 1 . 2 8 8 47 22 33 . Protector 106 | . . . . . . . . . . . . . . . 1 . . 6 . . . . . . . . . 11 9 37 24 18 . Researcher 1 | . . . . . . . . . . . . . . . . . . . . . . . . . . . . . . 1 . . . Sentry 117 | . . 1 8 4 5 2 3 . 2 7 5 3 . . 5 2 1 . 2 3 9 1 4 5 1 3 4 12 . 10 9 6 . Demolisher 24 | . . . . . . . . . . . . . . . . . . 4 . . 1 . . . 1 . . 6 . . . 12 . Specialist 63 | . . . . . 1 . . . . 4 . . . . . . . 1 . . 1 . . 3 . . . . 2 3 17 31 . Hunter 193 | . . . 1 4 1 . 2 . 2 3 2 2 1 . 5 . 2 7 4 4 3 . . 2 11 . 8 19 10 29 16 55 . Programmer 284 | . . . . 1 . . 2 . 1 . . 8 2 . 9 2 1 . 1 5 . . . 5 . 3 . 33 24 70 46 71 . Heavy 6 | . . . . . . . . . . . 1 . . . 2 . . . . . . . . 1 . . . . . . . 2 . Behemoth 20 | . . . . . . . . . 1 1 . 1 . . . 1 1 1 1 . 1 . . 1 1 . 1 . . 1 2 6 . Compactor 11 | . . . . . . . . 5 . . . . . 6 . . . . . . . . . . . . . . . . . . . Cetus Guard 8 | . . . . . . . . . . . . . . . . . . . . . . 8 . . . . . . . . . . . M Guard 2 | . . . . . . . . . . . . . . . . . . . . . . . . . . . . . . . . 2 . Enhanced Grunt 32 | . . . . . . . . . . . . . . . . . . . . . . . . . . . . . . . . . 32 Enhanced Sentry 6 | . . . . . . . . . . . . . . . . . . . . . . . . . . . . . . . . . 6 Enhanced Hunter 8 | . . . . . . . . . . . . . . . . . . . . . . . . . . . . . . . . . 8 Lightning 7 | . . . . . . . . . . . . . . . . . . . . . . . . 4 . 2 . . . 1 . . . Hotshot 14 | . . . . . . . . . . . . . . . . . . . . . . . . . . . . . . 14 . . . Decapitator 9 | . . . . . . . . . . . . . . . . . . . . . . . . . . . . . . 9 . . . Immortal 5 | . . . . . . . . . . . . . . . . . . . . . . . . . . . . . . 5 . . . Overlord 1 | . . . . . . . . . . . . . . . . . . . . . . . . . . . . . . 1 . . . Combat Programmer 2 | . . . . . . . . . . . . . . . . . . . . . . . . . . . . . . . . 2 . Investigator 12 | . . . . . . . . . . . . . . . . . . . . . . . . . . . . 1 1 4 4 2 . Striker 88 | . . . . . . . . . . . . . . . . . . 3 . . . . . . 3 . . 25 11 8 25 13 . Executioner 93 | . . . . . . . . . . . . . . . . . . 2 . . . . . . . . . 26 7 13 30 15 . Superbehemoth 1 | . . . . . . . . . . . . . . . . . . . . . . . . . . . . . 1 . . . . Alpha 7 6 | . . . . . . . . . . . . . . . . . . . . . . . . . . 1 . . 1 2 . 2 . V-Series 11 | . . . . . . . . . . . . . . . . . . . . . . . . . . . . . . 11 . . . Subdweller 6 | . . 1 . . . 5 . . . . . . . . . . . . . . . . . . . . . . . . . . . Samaritan 2 | . . . . . . . . . . . . . . . . 2 . . . . . . . . . . . . . . . . . Surgeon 1 | . . . . . . . . . . . . . . . . . . 1 . . . . . . . . . . . . . . . Wasp 11 | . . . . . . . . . . . . . . . . . . . 2 . . . . . . 2 . . . . . 7 . Thug 12 | . . . . . . . . . . . . . . . . . . 6 . . . . . . . . 4 . . . 2 . . Butcher 2 | . . . . . . . . . . . . . . . . . . . . . . . . . . . . . . . . 2 . Guerrilla 5 | . . . . . . . . . . . . . . . . . 2 . . . . . . . . . . . . . . 3 . Marauder 1 | . . . . . . . . . . . . . . . . . . . . . . . . . . . . 1 . . . . . Fireman 1 | . . . . . . . . . . . . . . . . . . . . . . . . . . . . 1 . . . . . Mutant 1 | . . . . . . . . . . . . . . . . . . . . . . . . . . . . 1 . . . . . Knight 2 | . . . . . . . . . . . . . . . . . . . . . . . . . . . . 2 . . . . . Best Kill Streak 173 | 5 4 5 16 13 6 3 2 2 9 7 5 10 4 2 15 8 4 19 7 5 18 5 6 7 4 7 8 21 24 58 59 173 7 Combat Bots Only 171 | . 3 5 12 13 4 2 2 2 5 7 3 10 2 2 13 8 4 18 7 3 12 4 4 7 4 7 8 19 24 54 43 171 7 Max Kills in Single Turn 173 | 1 2 1 4 2 2 1 1 1 6 1 2 2 2 1 2 2 1 2 1 2 2 1 1 3 1 1 2 2 4 9 9 173 1 Gunslinging 1 | . 1 . 1 . . . . . . . . . . . . . . . . . . . . . . . . . . . . . . Exploded 171 | . 2 1 2 2 . . . . 3 . . . . . 1 1 . . . . . . . . . . . . 2 9 9 171 . Melee 1 | . . . . . . . . . . 1 . . . . 1 . . . 1 . . . . . . . . 1 . . . 1 . Uniques/NPCs Destroyed 9 | . . . . . . . . . . . . . . . . . . . . . . . . . . . . . . . . 2 7 MAIN.C Shell (-1/Command) MAIN.C (-1/Command) A8 (-1/Access_0) A6 (-1/Access_0) A5 (-1/Access_0) A2 (-1/Access_0) A4 (-1/Access_0) Architect (-1/Access_0) A3 (-1/Access_0) Combat | -11 -10 -10 -8 -8 -8 -8 -6 -6 -6 -6 -6 -6 -5 -5 -5 -5 -5 -5 -4 -4 -4 -4 -4 -4 -3 -3 -3 -2 -2 -2 -1 -1 -1 -------- Run | Yrd Mat Sub Mat Gar Sto Rec Fac Was Fac Gar Fac Gar Fac Was Fac Upp Upp War Pro Fac Ext Cet Arc Hub Res Qua Gar Res Tes Frg Acc Com Ac0 Hostile Shots Fired 6901 | . 85 16 140 174 39 27 85 . 66 277 38 142 10 . 175 80 34 140 86 38 171 23 . 288 110 99 84 554 603 1351 593 973 400 Missed 2311 | . 19 4 44 43 14 3 33 . 18 107 14 56 4 . 54 25 13 48 27 11 58 11 . 117 37 18 30 318 219 373 164 292 137 Intercepted 7 | . . . . . . . . . . . . . . . . . . . . . . . . . . . . . . . . 7 . Deflected 79 | . . . . . . . . . . . . . . . . . . . . . . . . . . . . . . 79 . . . Hits 4590 | . 66 12 96 131 25 24 52 . 48 170 24 86 6 . 121 55 21 92 59 27 113 12 . 171 73 81 54 236 384 978 429 681 263 Melee 74 | . . . . 2 . . . . . . 2 2 . . 2 . . . 1 . . . . 3 . . . 3 4 34 3 16 2 Projectile 4516 | . 66 12 96 129 25 24 52 . 48 170 22 84 6 . 119 55 21 92 58 27 113 12 . 168 73 81 54 233 380 944 426 665 261 AOE 48 | . . . . . . . . . . . . . . . . . . 5 . . 1 . . . 1 . . 3 4 24 4 6 . Critical Strikes 212 | . . . 6 5 . 2 . . 4 1 . 3 . . 7 1 1 3 1 1 8 4 . 14 1 5 4 12 18 50 21 27 13 Actively Blocked 53 | . . . . . . . . . . . . 1 . . . . . . . . . . . . . . . . 6 16 15 15 . Part Disruptions 13 | . . . . . . . . . . 2 . . . . 1 . . . 1 . . . . . . . . . . 1 1 5 2 Damage Taken 84779 | . 803 181 1458 2026 436 429 454 90 667 1305 408 1147 104 . 2480 1081 341 1721 899 541 1902 307 . 3145 1296 1064 613 2877 4725 22579 9539 15510 4651 Core 6878 | . 197 30 137 332 79 . 11 . 79 122 4 141 36 . 148 103 23 192 80 . 131 . . 250 129 122 30 346 433 1272 842 749 860 Absorbed by Shields 21843 | . . . . . . . . . . 628 150 79 . . . . . 526 94 . 425 . . . . . 523 2502 1826 4817 2896 3709 3668 Reduced by Siege Mode 1650 | . . . . . . 36 24 . . . . . . . . . . . 24 31 . . . . . . . . . 13 860 662 . Redirected to Core 932 | . . . . . . . . . . . . . . . . . . . . . . . . . . . . . 137 . 330 . 465 Ignored by Resistances 6114 | . . . . . . . . . . . . . . . 9 . . . 6 8 . . . 663 37 1074 . 1225 2922 34 122 14 . Regen/Repaired (Parts) 52650 | . . . 126 . . 170 311 147 224 1019 . 1293 31 18 1388 1530 20 524 1114 246 860 . 1368 1211 1405 355 496 955 3319 14604 7815 12085 16 Core Remaining (%) 79 | 100 . 90 . . . 75 . . . . . 65 . . . . . . 75 . . . . 71 . . 80 . . 72 . . 87 Volleys Fired 5390 | 9 58 18 124 73 55 33 44 39 53 151 58 140 20 28 212 64 50 106 84 62 121 24 21 189 51 85 97 578 217 807 393 1074 252 Largest 3 | 2 2 2 3 3 3 3 2 1 1 1 1 1 1 1 1 1 1 1 1 1 1 1 1 1 1 1 1 2 2 1 2 2 2 Hottest 576 | 60 106 53 84 143 204 204 276 210 123 70 46 53 91 91 224 122 112 112 78 67 183 140 140 166 227 258 333 303 501 349 576 502 304 Shots Fired 5790 | 18 100 31 317 112 156 71 61 39 53 151 57 139 20 28 209 64 50 106 84 62 121 22 20 181 51 85 96 577 219 789 392 1053 256 Gun 630 | 18 97 24 282 91 89 12 . . . . . . . . . . . . . . . . . . . . . 4 6 1 . 6 . Cannon 4840 | . . . . . 67 59 61 39 53 151 57 139 20 28 209 64 50 106 84 62 121 22 20 181 51 85 96 573 209 653 310 1014 256 Launcher 320 | . 3 7 35 21 . . . . . . . . . . . . . . . . . . . . . . . . 4 135 82 33 . Special . | . . . . . . . . . . . . . . . . . . . . . . . . . . . . . . . . . . Kinetic 3669 | 9 29 24 282 82 65 5 51 39 . 95 57 139 20 28 99 51 . 18 78 2 44 . . 123 2 . . 554 207 203 175 932 256 Thermal 922 | . 53 . . 4 81 66 . . . 55 . . . . 30 2 . . . 15 27 . . 58 . 9 10 1 8 378 97 28 . Explosive 316 | . 3 7 35 21 . . . . . . . . . . . . . . . . . . . . . . . . 3 134 82 31 . Electromagnetic 881 | 9 15 . . 5 10 . 10 . 53 1 . . . . 80 11 50 88 6 45 50 22 20 . 49 76 86 22 . 73 38 62 . Robot Hit Streak 78 | 4 12 7 11 9 19 18 18 17 6 13 9 22 4 8 15 15 4 6 16 18 13 7 5 10 11 22 19 33 61 30 35 78 18 Robot Miss Streak 6 | 2 6 1 4 3 3 2 3 2 3 3 2 2 3 1 5 2 2 4 4 3 3 2 3 4 2 2 3 3 5 4 5 3 2 Penetration Max 2 | . . . 1 . 1 . . . . 2 1 2 1 1 1 . . 1 . . 1 . . 1 . . . 1 . 2 1 1 1 Secondary Targets 12 | . 3 . 5 2 2 . . . . . . . . . . . . . . . . . . . . . . . . . . . . Max Gunslinging Chain 1 | . 1 . 1 1 1 . . . . . . . . . . . . . . . . . . . . . . . . . . . . Shots Hit Robots 3730 | 9 63 19 171 62 96 53 41 33 37 86 34 79 11 23 123 51 14 65 61 33 90 16 13 123 32 52 52 412 188 597 332 491 168 Core Hits 3563 | 6 26 12 136 53 35 18 12 5 23 37 14 40 5 6 62 20 6 31 19 13 28 6 7 48 10 16 16 188 239 968 553 827 78 Critical Kills 77 | . . . 6 . 3 . . . . 6 6 17 2 4 5 . . . . 2 1 . . 8 1 2 . . . 1 11 2 . Critical Parts Destroyed 110 | . . . 1 2 . . . . . 10 4 27 6 4 9 . . . . 2 1 . . 15 2 6 . . . 4 14 2 1 Critical Strikes 295 | . 1 . 7 2 4 . 2 . . 17 10 45 8 16 14 . . 2 . 4 2 . . 25 3 9 . 24 11 16 27 44 2 Burn 11 | . 1 . . . . . . . . . . . . . . . . . . . . . . . . . . . . 10 . . . Meltdown 2 | . . . . . 2 . . . . . . . . . . . . . . . . . . . . . . . . . . . . Destroy 204 | . . . 7 . 1 . . . . 17 10 45 8 16 14 . . . . 4 2 . . 25 3 9 . . . 6 27 8 2 Blast 71 | . . . . . . . 2 . . . . . . . . . . . . . . . . . . . . 24 11 . . 34 . Corrupt 3 | . . . . . 1 . . . . . . . . . . . . 2 . . . . . . . . . . . . . . . Smash 2 | . . . . 2 . . . . . . . . . . . . . . . . . . . . . . . . . . . . . Sever 1 | . . . . . . . . . . . . . . . . . . . . . . . . . . . . . . . . 1 . Sunder 1 | . . . . . . . . . . . . . . . . . . . . . . . . . . . . . . . . 1 . Melee Attacks 30 | . . . . 16 . 5 . . . . . . . . . . . . . . . . . . . . . . . . 2 7 . Impact 21 | . . . . 16 . 5 . . . . . . . . . . . . . . . . . . . . . . . . . . . Slashing 9 | . . . . . . . . . . . . . . . . . . . . . . . . . . . . . . . 2 7 . Piercing . | . . . . . . . . . . . . . . . . . . . . . . . . . . . . . . . . . . Sneak Attacks 2 | . . . . . . 1 . . . . . . . . . . . . . . . . . . . . . . . . . 1 . Combat Hostiles . | . . . . . . . . . . . . . . . . . . . . . . . . . . . . . . . . . . Follow-up Attacks . | . . . . . . . . . . . . . . . . . . . . . . . . . . . . . . . . . . Damage Inflicted 974724 | 136 1044 466 5919 3044 1939 1230 2282 5564 4905 10541 4586 11797 1848 3413 14266 5847 2214 10675 7318 3897 9398 1764 1813 15947 5233 6012 8752 130415 44273 203930 112195 280153 51908 Guns 7215 | 104 852 259 3521 802 1158 267 . . . . . . . . . . . . . . . . . . . . . 128 24 . . 100 . Cannons 650490 | . . . . . 776 854 2282 5564 4026 10528 4586 11754 1848 3413 13599 5723 2214 10675 7318 3832 9398 1764 1813 15132 5219 5988 8752 130248 43139 111138 60820 116330 51757 Explosions 315361 | 32 183 207 2397 1832 . . . . 835 . . 43 . . 518 124 . . . . . . . 617 . . . . 1026 92792 51375 163229 151 Melee 995 | . . . . 410 . 91 . . . . . . . . . . . . . . . . . . . . . . . . . 494 . Ramming 663 | . 9 . 1 . 5 18 . . 44 13 . . . . 149 . . . . 65 . . . 198 14 24 . 39 84 . . . . Kinetic 477127 | 36 222 259 3521 755 830 71 1643 5564 . 7120 4586 11754 1848 3413 5860 4236 . 1901 6842 . 3532 . . 11219 172 . . 128032 43163 38544 29770 110477 51757 Thermal 247856 | 32 516 . . 16 947 1050 . . . 3408 . . . . 2613 275 . . . 1127 1596 . . 3913 . 691 659 . . 64916 27201 138745 151 Explosive 177463 | . 135 207 2397 1832 . . . . 835 . . 43 . . 294 . . . . . . . . . . . . . 1026 92792 51375 26527 . Electromagnetic 70447 | 68 162 . . 31 157 . 639 . 4026 . . . . . 5350 1336 2214 8774 476 2705 4270 1764 1813 617 5047 5297 8093 2344 . 7678 3849 3737 . Impact 501 | . . . . 410 . 91 . . . . . . . . . . . . . . . . . . . . . . . . . . . Slashing 494 | . . . . . . . . . . . . . . . . . . . . . . . . . . . . . . . . 494 . Piercing . | . . . . . . . . . . . . . . . . . . . . . . . . . . . . . . . . . . Entropic 77 | . . . . . . . . . . . . . . . . . . . . . . . . . . . . . . . . 77 . Phasic 96 | . . . . . . . . . . . . . . . . . . . . . . . . . . . . . . . . 96 . Highest Corruption 80 | . 18 . 1 2 4 12 3 4 5 9 2 4 . 18 18 6 62 62 10 . 8 8 8 25 2 7 17 13 21 30 21 80 1 Average Corruption 15 | . 2 . 1 1 3 6 2 3 4 5 2 2 . 12 9 6 40 4 5 . 3 8 8 14 2 4 12 5 14 21 14 32 1 Corruption Purged 4 | . . . . . . . . . . . . . . . . . . . . . . . . . . . . . . . . 4 . Corruption Blocked . | . . . . . . . . . . . . . . . . . . . . . . . . . . . . . . . . . . Effects 1567 | . 16 . 10 22 28 92 19 8 14 2 13 19 . 8 41 3 69 11 22 . . 6 19 75 7 34 24 38 117 217 139 483 11 Message Errors 388 | . 2 . . 3 4 24 4 1 5 . 5 2 . 3 11 1 16 2 5 . . 1 5 18 1 12 7 9 20 53 36 136 2 Matter Fused 380 | . 4 . 3 4 5 23 4 . 5 1 5 5 . 4 15 2 21 4 7 . . 2 5 14 3 8 5 7 32 54 26 109 3 Heat Flow Errors 177 | . 2 . 1 5 4 10 2 1 2 1 2 1 . . 3 . 13 . 2 . . . 2 7 . 4 4 7 17 19 14 53 1 Energy Discharges 165 | . 2 . 2 3 4 6 4 1 1 . . 4 . 1 1 . 2 1 3 . . 1 3 10 1 3 3 1 11 30 17 49 1 Parts Rejected 17 | . . . . . 1 . . . . . . . . . 2 . . . 1 . . . . . . . . 2 1 2 4 4 . Parts Fused 11 | . . . . . 2 . . . . . . . . . . . 1 . . . . . . . . 1 1 . 2 . 1 3 . Data Loss (minor) 189 | . 3 . 1 4 4 22 4 3 1 . . 4 . . 5 . 11 3 3 . . . 2 10 2 3 3 5 11 11 18 53 3 Data Loss (major) 74 | . . . 1 1 1 3 . 1 . . . 1 . . 1 . 4 1 . . . . . 5 . 2 . 1 7 13 8 24 . Misfires 23 | . 1 . . 1 2 1 . . . . . . . . . . . . . . . . . . . . . . 6 3 4 5 . Alerts 29 | . 1 . . 1 . 2 1 1 . . . 1 . . . . 1 . 1 . . . 1 1 . 1 . 1 1 5 5 5 . Misdirections 16 | . . . . . . . . . . . . . . . . . . . . . . . . 2 . . . . 1 5 . 8 . Weapon Failures 98 | . 1 . 2 . 1 1 . . . . 1 1 . . 3 . . . . . . 2 1 8 . . 1 5 8 22 6 34 1 Overload Shots . | . . . . . . . . . . . . . . . . . . . . . . . . . . . . . . . . . . Overflow Damage 143414 | . . . 17 211 13 61 530 77 583 1775 1045 2633 481 . 3151 1112 389 1916 1262 1144 1086 141 450 2295 1039 1734 1990 38332 4293 22127 10752 36281 6494 Projectiles 121536 | . . . . . 13 . 530 77 574 1775 1045 2633 481 . 3042 1112 389 1916 1262 1143 1086 141 450 2295 1039 1734 1990 38332 4263 16819 7760 23142 6493 Explosions 21497 | . . . 17 4 . . . . . . . . . . 6 . . . . . . . . . . . . . 30 5308 2992 13139 1 Melee 381 | . . . . 207 . 61 . . 9 . . . . . 103 . . . . 1 . . . . . . . . . . . . . Knockbacks 822 | . 1 . . 2 . . 2 . . 14 7 29 5 . 25 13 . 5 24 . 7 . . 25 . . . 108 147 58 79 173 98 Impact 7 | . 1 . . 2 . . . . . . . . . . 1 . . . . . . . . 2 . . . 1 . . . . . Kinetic 731 | . . . . . . . 2 . . 11 7 24 5 . 20 12 . 5 20 . 6 . . 19 . . . 98 129 55 68 154 96 Secondary 84 | . . . . . . . . . . 3 . 5 . . 4 1 . . 4 . 1 . . 4 . . . 9 18 3 11 19 2 Self-Inflicted Damage 4363 | . 32 35 10 49 . . 55 . . . 47 . . . 138 . . . . . . . . 49 . . . . 72 2622 653 601 . Shots 76 | . 1 2 1 3 . . 1 . . . 1 . . . 3 . . . . . . . . 2 . . . . 1 29 13 19 . Rammed 14 | . 1 . 2 . 1 . . . 1 1 . . . . 1 . . . . 3 1 . . 3 . . . . . . . . . Targets Rammed 30 | . 1 . 2 . 1 1 . . 1 2 . . . . 3 . . . . 3 1 . . 9 1 1 . 1 3 . . . . Kicked 13 | . . . . . . . . . . . . . . . 2 . . . . . . . . 6 . 1 . 1 3 . . . . Crushed 3 | . . . . . . 1 . . . 1 . . . . . . . . . . . . . . 1 . . . . . . . . Highest Temperature 460 | . 259 232 114 190 236 261 408 281 126 265 222 314 294 161 391 284 250 311 251 161 383 284 315 370 226 368 310 167 427 417 460 459 195 Average Temperature 87 | . 48 135 11 62 53 82 129 52 58 73 52 60 120 69 96 62 81 52 88 46 114 119 104 128 88 127 83 45 76 121 113 76 62 Received Heat Transfer 8090 | . 297 63 792 648 135 138 66 . 45 171 24 113 18 . 330 327 57 277 48 45 219 . . 400 75 75 80 83 405 1902 540 652 65 Thermoelectric Energy+ 695 | . . . . . . . . . . . . . . . . . . . . . . . . . . . . . . 695 . . . Effects 44 | . 1 . . . . 2 1 . . . . 2 . . 1 . 1 . . . 1 . 2 1 . 1 . . 3 7 10 11 . Shutdowns 9 | . . . . . . . . . . . . . . . . . . . . . . . . . . . . . 2 . 2 5 . Energy Bleed 12 | . 1 . . . . . . . . . . 1 . . 1 . . . . . . . 2 . . . . . . 2 4 1 . Interference 12 | . . . . . . 2 1 . . . . 1 . . . . 1 . . . . . . 1 . . . . . 2 2 2 . Matter Decay 5 | . . . . . . . . . . . . . . . . . . . . . 1 . . . . 1 . . . 3 . . . Short Circuit 1 | . . . . . . . . . . . . . . . . . . . . . . . . . . . . . . . . 1 . Damage (minor) 3 | . . . . . . . . . . . . . . . . . . . . . . . . . . . . . . . 2 1 . Damage (major) 2 | . . . . . . . . . . . . . . . . . . . . . . . . . . . . . 1 . . 1 . Siege Activations 30 | . . . . . . 1 2 . . . . . . . . . . . 3 5 1 . . . . . 3 . . 2 7 6 . Total Turns 2275 | . . . . . . 37 20 . . . . . . . . . . . 58 154 31 . . . . . 34 . . 110 1380 451 . Longest Duration 650 | . . . . . . 37 12 . . . . . . . . . . . 26 121 31 . . . . . 21 . . 94 650 192 . Martial Activations . | . . . . . . . . . . . . . . . . . . . . . . . . . . . . . . . . . . Shielding Activations 24 | . . . . . . . . . . . . . . . . . . . . . . . . . . . . . . 24 . . . Total Turns 735 | . . . . . . . . . . . . . . . . . . . . . . . . . . . . . . 735 . . . Longest Duration 179 | . . . . . . . . . . . . . . . . . . . . . . . . . . . . . . 179 . . . Robots Disrupted . | . . . . . . . . . . . . . . . . . . . . . . . . . . . . . . . . . . Combat Hostiles . | . . . . . . . . . . . . . . . . . . . . . . . . . . . . . . . . . . Robots Corrupted 194 | . . . . 3 . . 1 . 15 1 . . . . 8 3 4 24 1 6 18 9 3 5 15 12 20 6 1 12 11 15 1 Combat Hostiles 172 | . . . . 3 . . 1 . 11 1 . . . . 6 3 4 21 1 5 14 8 1 3 14 11 20 6 1 11 11 15 1 Parts Fried 539 | . . . . 3 . . 12 . 47 . . 3 . . 30 5 6 54 . 15 21 10 23 9 35 21 73 25 3 61 49 30 4 Impact Corruptions 56 | . . . . 5 . 1 . . 1 1 . 3 . . 4 . . . 4 1 . . . 3 . . . 10 2 4 2 13 2 Robots Melted 5 | . 3 . . . 2 . . . . . . . . . . . . . . . . . . . . . . . . . . . . Combat Hostiles 1 | . . . . . 1 . . . . . . . . . . . . . . . . . . . . . . . . . . . . Parts Melted 64 | 1 6 . . . 6 9 . . . 2 . . 1 . . . . . . . . . . 1 . 4 . 2 . 3 25 4 . Heat Transferred 36267 | 50 1456 . . 37 1813 1867 . . . 1480 . . . . 853 187 . . . 600 . . . . . . 148 . . 16503 9799 1324 150 Parts Sabotaged 16 | . . . . . . . . . . . . . . . 2 . . . 2 . . . . 1 . . . 5 2 4 . . . Parts Stolen . | . . . . . . . . . . . . . . . . . . . . . . . . . . . . . . . . . . Parts Stripped . | . . . . . . . . . . . . . . . . . . . . . . . . . . . . . . . . . . Power Chain Reactions 8 | 1 1 . . . . . . . . . . . . . . 1 . . . . . . . . . . . . . . . 3 2 Alert | -11 -10 -10 -8 -8 -8 -8 -6 -6 -6 -6 -6 -6 -5 -5 -5 -5 -5 -5 -4 -4 -4 -4 -4 -4 -3 -3 -3 -2 -2 -2 -1 -1 -1 ------- Run | Yrd Mat Sub Mat Gar Sto Rec Fac Was Fac Gar Fac Gar Fac Was Fac Upp Upp War Pro Fac Ext Cet Arc Hub Res Qua Gar Res Tes Frg Acc Com Ac0 Maximum Alert Level 5 | . 1 . 4 5 4 1 1 . 2 5 4 5 4 2 5 . . . . 2 4 3 2 5 4 3 5 5 5 5 5 5 . Low Security (%) 12 | 100 69 . 28 . . 92 69 100 63 . . . . . . . . . . 25 29 . . 12 . . . . . . . . . Level 1 6 | . 30 . 20 . . 7 30 . 6 . . . . . 19 . . . . 55 45 . 85 15 . . . . . . . . . Level 2 4 | . . . 22 . . . . . 30 16 8 2 . 100 13 . . . . 18 9 . 14 3 . 31 26 . . . . . . Level 3 10 | . . . 23 9 82 . . . . 21 85 7 . . 13 . . . . . 9 100 . 19 71 68 8 . . . . . . Level 4 9 | . . . 4 51 17 . . . . 27 6 35 100 . 35 . . . . . 6 . . 29 28 . 13 30 . . . . . Level 5 19 | . . . . 39 . . . . . 34 . 54 . . 17 . . . . . . . . 14 . . 51 1 11 67 5 25 . High Security 37 | . . . . . . . . . . . . . . . . . . . . . . . . 4 . . . 68 88 32 94 74 . Max Security . | . . . . . . . . . . . . . . . . . . . . . . . . . . . . . . . . . . Sterilizations 4 | . . . 1 . . . . . . . . . . . . . . . . . . . . . . 1 . . 1 . 1 . . Peak Influence 28238 | 20 297 . 1258 1979 1159 313 395 46 616 2116 1112 2691 1443 501 1939 . . . . 468 1465 939 443 2140 1244 813 2181 8127 8679 21338 22934 28238 . Initial 14677 | . . . 1 815 964 313 395 46 . 401 1110 600 1412 501 297 . . . . 426 221 797 371 77 1123 684 555 1226 4565 4881 12802 14677 . Average 8282 | 3 102 . 434 1469 950 52 173 6 222 1343 897 1788 1394 470 992 . . . . 269 387 877 334 1021 1073 711 1446 3571 7209 12275 18847 22634 . Influence Increases 86020 | 25 619 190 1852 1344 703 431 643 1 780 1725 656 2111 280 24 2445 679 297 1125 572 1012 2036 202 137 2805 756 748 1626 7455 4434 17505 10332 19299 1171 Destroy 0b10 Robot/C 50820 | . 260 180 1080 580 340 80 140 . 440 820 320 940 120 . 1260 540 240 1060 480 240 900 180 80 980 500 540 920 5300 2740 11840 6560 11160 . Destroy 0b10 Robot/NC 2365 | 25 45 . 120 . 60 20 30 . 65 15 25 10 20 . 110 10 . 35 15 60 85 10 45 120 20 10 . 215 95 445 330 325 . Destroy Leader 6172 | . 48 10 252 20 136 10 62 . 102 40 72 80 34 . 290 50 40 . 30 84 104 . . 226 106 54 80 848 362 1458 1024 550 . Allied During Kill 2568 | . . . . 8 39 . . . . . . . 28 . . 4 17 . 47 . 814 . . 175 38 . . 72 39 336 177 774 . Trap Triggered on 0b10 10 | . . . . . . . . . . . . . . . . . . . . 10 . . . . . . . . . . . . . Successful Hack 363 | . 13 . 12 28 4 13 40 . 9 14 31 28 . . 40 . . . . 14 24 . . 14 . 63 14 . . 2 . . . Select Force Hacks 240 | . . . 60 . 60 120 . . . . . . . . . . . . . . . . . . . . . . . . . . . Disable Machine 2565 | . . . 120 15 60 30 30 . 90 30 75 90 60 . 240 . . . . 60 45 . . 285 . 30 15 15 165 660 105 165 180 Anti-Garrison Action 2550 | . . . . 550 . . . . . 300 . 550 . . . . . . . 150 . . . . . . 350 300 . 150 150 50 . Destroy Structure 11915 | . 15 . 133 143 4 4 41 1 29 221 118 293 18 24 370 . . . . 34 64 12 12 654 32 36 82 225 499 1954 1851 4055 991 Advance Influence 600 | . . . . . . . 300 . . . . . . . . . . . . 300 . . . . . . . . . . . . . Partial Spotted 30 | . . . . . . . . . 15 15 . . . . . . . . . . . . . . . . . . . . . . . Lose Combat Pursuer 4500 | . . . 75 . . . . . 30 270 15 120 . . 135 75 . 30 . 60 . . . 105 60 15 165 240 90 660 135 2220 . Miscellaneous 1322 | . 238 . . . . 154 . . . . . . . . . . . . . . . . . 246 . . . 240 444 . . . . Influence Decreases 84869 | 25 427 379 600 620 1877 1009 738 133 207 182 1914 278 1539 1031 940 1275 866 1055 1205 762 1063 698 844 887 1679 1225 185 1519 3872 4846 8736 8467 33786 Entered New Map 70840 | . . 93 2 440 1015 492 132 86 . 172 1006 258 1279 931 128 715 254 765 835 76 231 628 558 145 1017 533 185 955 3552 3798 8536 8257 33766 Time Decay 10689 | 25 387 286 558 . 502 517 506 47 207 . 458 . 180 100 642 550 592 290 330 486 422 70 286 542 592 542 . 494 160 758 100 60 . Search Patrol Dispatched 200 | . . . . . . . 100 . . . . . . . . . . . . . . . . 100 . . . . . . . . . Lost Part 710 | . 30 . 40 180 20 . . . . 10 . 20 . . 20 10 . . 20 20 . . . . 10 . . 30 80 130 20 50 20 Lost Ally 1080 | . 10 . . . 40 . . . . . . . 80 . . . 20 . 20 30 260 . . 100 60 . . 40 80 160 80 100 . Purge Threat 1350 | . . . . . 300 . . . . . 450 . . . 150 . . . . 150 150 . . . . 150 . . . . . . . Squads Dispatched 408 | . 1 . 13 . 4 1 3 . 3 . 6 . 2 . 19 . . . 1 4 4 . . 17 9 2 . 2 51 150 79 37 . Investigation 17 | . 1 . 2 . 2 1 . . 1 . 1 . . . . . . . . . 1 . . 1 4 . . 1 1 1 . . . Extermination 26 | . . . . . . . 2 . 1 . 2 . 1 . 5 . . . . 2 . . . 3 . 1 . 1 . 8 . . . Reinforcement 32 | . . . 8 . 2 . 1 . 1 . 2 . 1 . 4 . . . . . . . . 5 5 . . . 1 1 . 1 . Assault 319 | . . . 1 . . . . . . . 1 . . . 7 . . . 1 2 3 . . 8 . 1 . . 46 137 76 36 . Garrison 14 | . . . 2 . . . . . . . . . . . 3 . . . . . . . . . . . . . 3 3 3 . . Intercept . | . . . . . . . . . . . . . . . . . . . . . . . . . . . . . . . . . . Searches Triggered 2 | . . . . . . . 1 . . . . . . . . . . . . . . . . 1 . . . . . . . . . Construction Impeded . | . . . . . . . . . . . . . . . . . . . . . . . . . . . . . . . . . . Haulers Reinforced 3 | . . . . . . . . . . . . . 1 . . . . . . . . . . . 1 . . . 1 . . . . Active Scanning Responses . | . . . . . . . . . . . . . . . . . . . . . . . . . . . . . . . . . . Cargo Convoy Interrupts . | . . . . . . . . . . . . . . . . . . . . . . . . . . . . . . . . . . Stealth | -11 -10 -10 -8 -8 -8 -8 -6 -6 -6 -6 -6 -6 -5 -5 -5 -5 -5 -5 -4 -4 -4 -4 -4 -4 -3 -3 -3 -2 -2 -2 -1 -1 -1 --------- Run | Yrd Mat Sub Mat Gar Sto Rec Fac Was Fac Gar Fac Gar Fac Was Fac Upp Upp War Pro Fac Ext Cet Arc Hub Res Qua Gar Res Tes Frg Acc Com Ac0 Distress Signals 62 | . 1 . 4 . 3 2 . . 2 . 1 . 1 . 2 . . 1 . . 2 2 . 3 6 . . 6 3 7 2 14 . Communications Jammed . | . . . . . . . . . . . . . . . . . . . . . . . . . . . . . . . . . . Distress Signals . | . . . . . . . . . . . . . . . . . . . . . . . . . . . . . . . . . . Times Spotted 3026 | . 21 10 75 28 22 9 9 6 24 54 11 53 6 6 82 34 11 100 25 18 66 8 3 103 29 30 53 301 212 716 373 449 79 Peak Tracking Total 40 | . 4 5 8 7 4 2 2 4 5 10 4 7 3 3 11 9 3 14 7 5 27 5 1 19 5 6 8 16 23 40 20 35 5 Tactical Retreats 147 | . . . 4 . . . . . 2 13 1 5 . . 6 1 . 2 . 1 . . . 5 3 1 5 12 6 31 8 41 . ECM-based Alert Blocks 83 | . . . . . . . . . . . . . . . . . . . . . . . . . . . . . . . . 83 . Traps | -11 -10 -10 -8 -8 -8 -8 -6 -6 -6 -6 -6 -6 -5 -5 -5 -5 -5 -5 -4 -4 -4 -4 -4 -4 -3 -3 -3 -2 -2 -2 -1 -1 -1 ------- Run | Yrd Mat Sub Mat Gar Sto Rec Fac Was Fac Gar Fac Gar Fac Was Fac Upp Upp War Pro Fac Ext Cet Arc Hub Res Qua Gar Res Tes Frg Acc Com Ac0 Traps Triggered 44 | . 2 . 1 5 . . 1 . 1 5 2 4 1 . 2 . . 1 . 1 1 . . 1 2 3 1 . 3 6 1 . . Indirectly . | . . . . . . . . . . . . . . . . . . . . . . . . . . . . . . . . . . Trap Hack Attempts . | . . . . . . . . . . . . . . . . . . . . . . . . . . . . . . . . . . Triggered . | . . . . . . . . . . . . . . . . . . . . . . . . . . . . . . . . . . Disarmed . | . . . . . . . . . . . . . . . . . . . . . . . . . . . . . . . . . . Reprogrammed . | . . . . . . . . . . . . . . . . . . . . . . . . . . . . . . . . . . Reused 1 | . . . . . . . . . . . . . . . . . . . . 1 . . . . . . . . . . . . . Traps Extracted . | . . . . . . . . . . . . . . . . . . . . . . . . . . . . . . . . . . Installed 1 | . . . . . . . . . . . . . . . . . . . . 1 . . . . . . . . . . . . . Triggered 1 | . . . . . . . . . . . . . . . . . . . . 1 . . . . . . . . . . . . . Most Traps Carried 4 | . . . . . . . . . . . . . . . . 3 3 . 4 4 . . . . . . . . . . . . . Machines | -11 -10 -10 -8 -8 -8 -8 -6 -6 -6 -6 -6 -6 -5 -5 -5 -5 -5 -5 -4 -4 -4 -4 -4 -4 -3 -3 -3 -2 -2 -2 -1 -1 -1 ---------- Run | Yrd Mat Sub Mat Gar Sto Rec Fac Was Fac Gar Fac Gar Fac Was Fac Upp Upp War Pro Fac Ext Cet Arc Hub Res Qua Gar Res Tes Frg Acc Com Ac0 Machines Disabled 261 | . . . 9 11 4 2 2 . 6 8 5 18 4 . 16 . . 2 . 5 4 . . 19 . 10 6 3 17 69 13 14 14 Max in Single Turn 10 | . . . 1 2 1 1 1 . 3 1 2 2 1 . 5 . . 1 . 1 1 . . 10 . 1 1 1 2 7 1 1 1 Garrison Access 12 | . . . . . . . . . . . . . . . . . . . . 1 . . . . 1 . . 4 1 1 4 . . Garrison Relay 24 | . . . . 5 . . . . . 5 . 9 . . . . . . . . . . . . . . 5 . . . . . . Phase Generator 4 | . . . . 1 . . . . . . . 1 . . . . . . . . . . . . . . 1 . . . . 1 . Network Hub 3 | . . . . . . . . . . . . . . . . . . . . . . . . 3 . . . . . . . . . Energy Cycler 1 | . . . . . . . . . . . . . . . . . . . . . . . . . . . . . . . 1 . . Machines Repaired . | . . . . . . . . . . . . . . . . . . . . . . . . . . . . . . . . . . Machines Dismantled . | . . . . . . . . . . . . . . . . . . . . . . . . . . . . . . . . . . Machines Sabotaged . | . . . . . . . . . . . . . . . . . . . . . . . . . . . . . . . . . . Overloaded Fab Kills . | . . . . . . . . . . . . . . . . . . . . . . . . . . . . . . . . . . Hacking | -11 -10 -10 -8 -8 -8 -8 -6 -6 -6 -6 -6 -6 -5 -5 -5 -5 -5 -5 -4 -4 -4 -4 -4 -4 -3 -3 -3 -2 -2 -2 -1 -1 -1 --------- Run | Yrd Mat Sub Mat Gar Sto Rec Fac Was Fac Gar Fac Gar Fac Was Fac Upp Upp War Pro Fac Ext Cet Arc Hub Res Qua Gar Res Tes Frg Acc Com Ac0 Machines Accessed 99 | . 7 . 7 2 6 12 4 . 4 2 7 2 2 . 6 . . . . 5 7 . . 4 6 7 2 4 . 2 . . 1 Terminals 62 | . 6 . 2 2 4 6 1 . 1 2 4 2 2 . 5 . . . . 3 7 . . 3 3 6 2 . . 1 . . . Fabricators 3 | . . . . . . . . . 2 . . . . . 1 . . . . . . . . . . . . . . . . . . Repair Stations 2 | . . . 1 . . . 1 . . . . . . . . . . . . . . . . . . . . . . . . . . Recycling Units 11 | . 1 . 2 . 2 5 1 . . . . . . . . . . . . . . . . . . . . . . . . . . Scanalyzers 7 | . . . 1 . . . 1 . . . 2 . . . . . . . . . . . . . 1 . . 1 . 1 . . . Garrison Access 12 | . . . 1 . . . . . 1 . 1 . . . . . . . . 2 . . . 1 2 1 . 3 . . . . . Total Hacks 288 | . 21 . 21 5 18 34 8 . 8 4 28 3 4 . 14 . . . . 9 14 . . 10 18 30 5 11 . 6 . . 17 Successful 141 | . 13 . 13 2 8 23 3 . 5 2 17 2 1 . 6 . . . . 4 4 . . 1 3 9 2 1 . 5 . . 17 Failed 146 | . 8 . 8 3 10 11 5 . 3 2 11 1 3 . 8 . . . . 5 10 . . 9 15 21 3 9 . 1 . . . Catastrophic 32 | . 1 . . 1 2 3 . . . . 2 1 1 . 1 . . . . 3 2 . . 2 4 5 . 4 . . . . . Database Lockouts 1 | . . . . . . . . . . . . . . . . . . . . . . . . . . . . 1 . . . . . Manual 118 | . 18 . 8 . 8 23 3 . 4 . 10 . 2 . 5 . . . . 5 6 . . . 8 18 . . . . . . . Terminals 177 | . 19 . 7 5 11 15 3 . 2 4 19 3 4 . 12 . . . . 7 14 . . 8 9 29 5 . . 1 . . . Fabricators 7 | . . . . . . . . . 5 . . . . . 2 . . . . . . . . . . . . . . . . . . Repair Stations 9 | . . . 7 . . . 2 . . . . . . . . . . . . . . . . . . . . . . . . . . Recycling Units 31 | . 2 . 4 . 7 17 1 . . . . . . . . . . . . . . . . . . . . . . . . . . Scanalyzers 21 | . . . 1 . . . 2 . . . 8 . . . . . . . . . . . . . 3 . . 2 . 5 . . . Garrison Access 24 | . . . 2 . . . . . 1 . 1 . . . . . . . . 2 . . . 2 6 1 . 9 . . . . . Terminal Hacks 69 | . 4 . 1 2 5 5 . . . 2 7 2 1 . 5 . . . . 4 4 . . 1 2 4 2 . . 1 . . 17 Record 19 | . . . . . . 1 . . . . . . . . . . . . . . . . . . . 1 . . . . . . 17 Robot Analysis 1 | . . . . . . . . . . . . . . . . . . . . 1 . . . . . . . . . . . . . Prototype ID Bank 3 | . 1 . . . 1 . . . . . 1 . . . . . . . . . . . . . . . . . . . . . . Open Door 2 | . . . . . 1 . . . . . . . . . . . . . . . . . . . . 1 . . . . . . . Branch Access Points 1 | . . . 1 . . . . . . . . . . . . . . . . . . . . . . . . . . . . . . Emergency Access Points 4 | . . . . 1 . . . . . 1 . 1 . . . . . . . . . . . . . . 1 . . . . . . Machine Index 1 | . 1 . . . . . . . . . . . . . . . . . . . . . . . . . . . . . . . . Terminal Index 2 | . 1 . . . . . . . . . . . . . 1 . . . . . . . . . . . . . . . . . . Recycling Unit Index 1 | . . . . . . 1 . . . . . . . . . . . . . . . . . . . . . . . . . . . Alert Level 13 | . . . . . 1 1 . . . . 2 . 1 . 2 . . . . 1 2 . . . 2 1 . . . . . . . Unreport Threat 9 | . . . . . 2 . . . . . 3 . . . 1 . . . . 1 1 . . . . 1 . . . . . . . Locate Traps 5 | . . . . . . . . . . . 1 . . . 1 . . . . 1 1 . . 1 . . . . . . . . . Zone Layout 1 | . 1 . . . . . . . . . . . . . . . . . . . . . . . . . . . . . . . . Garrison Registry 4 | . . . . 1 . . . . . 1 . 1 . . . . . . . . . . . . . . 1 . . . . . . Proto ID Catalog 1 | . . . . . . . . . . . . . . . . . . . . . . . . . . . . . . 1 . . . Release Object 2 | . . . . . . 2 . . . . . . . . . . . . . . . . . . . . . . . . . . . Fabricator Hacks 2 | . . . . . . . . . 2 . . . . . . . . . . . . . . . . . . . . . . . . Network Status 1 | . . . . . . . . . 1 . . . . . . . . . . . . . . . . . . . . . . . . Build 1 | . . . . . . . . . 1 . . . . . . . . . . . . . . . . . . . . . . . . Repair Station Hacks 4 | . . . 3 . . . 1 . . . . . . . . . . . . . . . . . . . . . . . . . . Scan Component 3 | . . . 2 . . . 1 . . . . . . . . . . . . . . . . . . . . . . . . . . Repair 1 | . . . 1 . . . . . . . . . . . . . . . . . . . . . . . . . . . . . . Recycling Unit Hacks 6 | . . . 2 . 1 3 . . . . . . . . . . . . . . . . . . . . . . . . . . . Retrieve Components 6 | . . . 2 . 1 3 . . . . . . . . . . . . . . . . . . . . . . . . . . . Scanalyzer 15 | . . . 1 . . . 1 . . . 8 . . . . . . . . . . . . . . . . 1 . 4 . . . Insert Component 8 | . . . . . . . . . . . 5 . . . . . . . . . . . . . . . . . . 3 . . . Retrieve Study 7 | . . . 1 . . . 1 . . . 3 . . . . . . . . . . . . . . . . 1 . 1 . . . Garrison Access Hacks 5 | . . . 1 . . . . . 1 . 1 . . . . . . . . . . . . . 1 1 . . . . . . . Unlock Access 4 | . . . 1 . . . . . 1 . 1 . . . . . . . . . . . . . . 1 . . . . . . . Seal Access 1 | . . . . . . . . . . . . . . . . . . . . . . . . . 1 . . . . . . . . Unauthorized Hacks 40 | . 9 . 5 . 2 15 1 . 2 . 1 . . . 1 . . . . . . . . . . 4 . . . . . . . Terminals 28 | . 9 . 3 . . 8 1 . 1 . 1 . . . 1 . . . . . . . . . . 4 . . . . . . . Assimilate 1 | . 1 . . . . . . . . . . . . . . . . . . . . . . . . . . . . . . . . Botnet 10 | . 1 . 1 . . 3 1 . 1 . 1 . . . 1 . . . . . . . . . . 1 . . . . . . . Operators 1 | . 1 . . . . . . . . . . . . . . . . . . . . . . . . . . . . . . . . Skim 16 | . 6 . 2 . . 5 . . . . . . . . . . . . . . . . . . . 3 . . . . . . . Fabricators 1 | . . . . . . . . . 1 . . . . . . . . . . . . . . . . . . . . . . . . Report 1 | . . . . . . . . . 1 . . . . . . . . . . . . . . . . . . . . . . . . Repair Stations . | . . . . . . . . . . . . . . . . . . . . . . . . . . . . . . . . . . Recycling Units 11 | . . . 2 . 2 7 . . . . . . . . . . . . . . . . . . . . . . . . . . . Reject 1 | . . . . . . 1 . . . . . . . . . . . . . . . . . . . . . . . . . . . Mask 2 | . . . . . . 2 . . . . . . . . . . . . . . . . . . . . . . . . . . . Tunnel 8 | . . . 2 . 2 4 . . . . . . . . . . . . . . . . . . . . . . . . . . . Scanalyzers . | . . . . . . . . . . . . . . . . . . . . . . . . . . . . . . . . . . Garrison Access . | . . . . . . . . . . . . . . . . . . . . . . . . . . . . . . . . . . Data Cores Recovered 4 | . . . . . . . . . . . . . . . 2 . . . . 2 . . . . . . . . . . . . . Used . | . . . . . . . . . . . . . . . . . . . . . . . . . . . . . . . . . . Hacking Detections 71 | . 4 . 3 2 6 9 3 . 2 1 5 2 2 . 5 . . . . 5 6 . . 4 5 4 . 3 . . . . . Full Trace Events 9 | . 1 . . . . 2 . . . 1 . 1 . . . . . . . . 1 . . 1 1 . . 1 . . . . . Feedback Events 1 | . . . . . . . . . . . . . . . . . . . . . . . . 1 . . . . . . . . . Corruption 1 | . . . . . . . . . . . . . . . . . . . . . . . . 1 . . . . . . . . . Feedback Blocked . | . . . . . . . . . . . . . . . . . . . . . . . . . . . . . . . . . . Robot Schematics Acquired . | . . . . . . . . . . . . . . . . . . . . . . . . . . . . . . . . . . Robots Built . | . . . . . . . . . . . . . . . . . . . . . . . . . . . . . . . . . . Authchips . | . . . . . . . . . . . . . . . . . . . . . . . . . . . . . . . . . . Time . | . . . . . . . . . . . . . . . . . . . . . . . . . . . . . . . . . . Total Robot Build Rating . | . . . . . . . . . . . . . . . . . . . . . . . . . . . . . . . . . . Part Schematics Acquired 2 | . . . . . . . . . . . . . . . . . . . . . . . . . . . . . . 2 . . . Parts Built 2 | . . . . . . . . . 2 . . . . . . . . . . . . . . . . . . . . . . . . Authchips . | . . . . . . . . . . . . . . . . . . . . . . . . . . . . . . . . . . Time 95 | . . . . . . . . . 95 . . . . . . . . . . . . . . . . . . . . . . . . Total Part Build Rating 10 | . . . . . . . . . 10 . . . . . . . . . . . . . . . . . . . . . . . . Part Studies Acquired 7 | . . . 1 . . . 1 . . . 3 . . . . . . . . . . . . . . . . 1 . 1 . . . Parts Repaired 1 | . . . 1 . . . . . . . . . . . . . . . . . . . . . . . . . . . . . . Time 44 | . . . 44 . . . . . . . . . . . . . . . . . . . . . . . . . . . . . . Parts Recycled . | . . . . . . . . . . . . . . . . . . . . . . . . . . . . . . . . . . Recycled Matter . | . . . . . . . . . . . . . . . . . . . . . . . . . . . . . . . . . . Retrieved Matter . | . . . . . . . . . . . . . . . . . . . . . . . . . . . . . . . . . . Retrieved Components 31 | . . . 16 . 10 5 . . . . . . . . . . . . . . . . . . . . . . . . . . . Parts Scanalyzed . | . . . . . . . . . . . . . . . . . . . . . . . . . . . . . . . . . . Part Schematics Acquired . | . . . . . . . . . . . . . . . . . . . . . . . . . . . . . . . . . . Parts Damaged . | . . . . . . . . . . . . . . . . . . . . . . . . . . . . . . . . . . Bothacking | -11 -10 -10 -8 -8 -8 -8 -6 -6 -6 -6 -6 -6 -5 -5 -5 -5 -5 -5 -4 -4 -4 -4 -4 -4 -3 -3 -3 -2 -2 -2 -1 -1 -1 ------------ Run | Yrd Mat Sub Mat Gar Sto Rec Fac Was Fac Gar Fac Gar Fac Was Fac Upp Upp War Pro Fac Ext Cet Arc Hub Res Qua Gar Res Tes Frg Acc Com Ac0 Used RIF Installer . | . . . . . . . . . . . . . . . . . . . . . . . . . . . . . . . . . . Robots Hacked . | . . . . . . . . . . . . . . . . . . . . . . . . . . . . . . . . . . Non-combat . | . . . . . . . . . . . . . . . . . . . . . . . . . . . . . . . . . . Combat . | . . . . . . . . . . . . . . . . . . . . . . . . . . . . . . . . . . Robot Hacks Applied . | . . . . . . . . . . . . . . . . . . . . . . . . . . . . . . . . . . Relay Couplers Released 111 | . . . . 23 . . . . . 21 . 37 . . . . . . . 2 . . . . . . 18 3 3 3 1 . . Machine Destruction 107 | . . . . 19 . . . . . 21 . 37 . . . . . . . 2 . . . . . . 18 3 3 3 1 . . Programmers 4 | . . . . 4 . . . . . . . . . . . . . . . . . . . . . . . . . . . . . Fabnet Peak Effective % . | . . . . . . . . . . . . . . . . . . . . . . . . . . . . . . . . . . Robots Rewired 25 | . . . . 3 . . . . . . . . . . . 2 . . 2 . 18 . . . . . . . . . . . . Allies Hacked 9 | . . . . . . . . . . . . . . . . . . . . . 4 . . 1 . . . . . 1 1 2 . Hacks Repelled . | . . . . . . . . . . . . . . . . . . . . . . . . . . . . . . . . . . Allies | -11 -10 -10 -8 -8 -8 -8 -6 -6 -6 -6 -6 -6 -5 -5 -5 -5 -5 -5 -4 -4 -4 -4 -4 -4 -3 -3 -3 -2 -2 -2 -1 -1 -1 -------- Run | Yrd Mat Sub Mat Gar Sto Rec Fac Was Fac Gar Fac Gar Fac Was Fac Upp Upp War Pro Fac Ext Cet Arc Hub Res Qua Gar Res Tes Frg Acc Com Ac0 Total Allies 85 | . 1 . . 3 . . . . . . . . 12 . . 3 . . 2 . 19 . . 5 3 . . 4 4 10 11 8 . Largest Group 14 | . 1 . . 3 3 . . . . . . . 4 . . 2 2 . 2 . 14 . . 4 3 . . 4 4 3 4 3 . Highest-Rated Group 704 | . 10 . . 72 72 . . . . . . . 107 . . 59 59 . 97 . 704 . . 224 90 . . 299 276 220 290 657 . Highest-Rated Ally 219 | . 10 . . 24 24 . . . . . . . 31 . . 30 30 . 49 . 159 . . 90 30 . . 104 69 110 219 219 . Initial Warlord ECA Mod 34 | . . . . . 11 11 9 9 9 9 16 16 27 27 27 27 27 27 26 26 26 26 26 26 25 25 25 34 34 34 33 33 33 Total Orders 4 | . . . . . . . 1 . . . . . 1 1 . . . . . 1 . . . . . . . . . . . . . EXPLORE 3 | . . . . . . . 1 . . . . . 1 . . . . . . 1 . . . . . . . . . . . . . RETURN 1 | . . . . . . . . . . . . . . 1 . . . . . . . . . . . . . . . . . . . Ally Attacks 503 | . . . . . 22 . . . . . . . 26 . . 2 16 . 16 . 92 . . 44 40 . . 17 33 109 29 57 . Total Damage 24895 | . . . . . 519 . . . . . . . 387 . . 40 259 . 630 . 2923 . . 2790 617 . . 318 1658 4308 1335 9111 . Kills 106 | . . . . . 3 . . . . . . . 2 . . 1 1 . . . 16 . . 15 2 . . 6 6 18 3 33 . Allies Corrupted 7 | . . . . . . . . . . . . . . . . . . . . . 3 . . 1 . . . 1 1 . . 1 . Allies Melted 1 | . . . . . . . . . . . . . . . . . . . . . . . . . . . . 1 . . . . . X0-1V1 Amusement Gains 1114 | . 3 . 97 2 20 . 45 . . 10 20 27 . . 24 . . 60 . 10 82 . 20 60 10 20 . 108 61 109 43 213 70 Average Entertainment 66 | . 7 17 27 96 95 36 21 59 59 68 75 85 100 100 95 44 27 31 34 31 31 55 56 79 59 49 59 96 93 96 99 62 58 Good Acts 521 | . 22 3 5 7 11 19 8 14 4 6 8 4 . 3 21 11 4 1 5 4 10 2 6 17 2 5 7 30 20 72 40 123 27 Bad Acts 314 | . 10 10 11 11 . 14 4 4 . 3 7 6 . 1 3 6 20 3 12 6 5 2 . 4 4 6 9 14 9 20 4 91 15 Intel | -11 -10 -10 -8 -8 -8 -8 -6 -6 -6 -6 -6 -6 -5 -5 -5 -5 -5 -5 -4 -4 -4 -4 -4 -4 -3 -3 -3 -2 -2 -2 -1 -1 -1 ------- Run | Yrd Mat Sub Mat Gar Sto Rec Fac Was Fac Gar Fac Gar Fac Was Fac Upp Upp War Pro Fac Ext Cet Arc Hub Res Qua Gar Res Tes Frg Acc Com Ac0 Active Infowar (turns) 35964 | . 393 . . . . . 2 1 2 . . . . . . . 1 . . . . . . . 1 . . 3537 2900 6167 3882 15741 3337 Optics 35561 | . . . . . . . . . . . . . . . . . . . . . . . . . . . . 3537 2900 6167 3882 15738 3337 Sensors 1 | . . . . . . . . . . . . . . . . . . . . . . . . . 1 . . . . . . . . Structural 393 | . 393 . . . . . . . . . . . . . . . . . . . . . . . . . . . . . . . . Traps 1 | . . . . . . . . . . . . . . . . . 1 . . . . . . . . . . . . . . . . Cloaking 744 | . . . . . . . . . . . . . . . . . . . . . . . . . . . . . . . . 743 1 Jamming 3 | . . . . . . . 2 1 . . . . . . . . . . . . . . . . . . . . . . . . . ECM 1859 | . . . . . . . . . 2 . . . . . . . . . . . . . . . . . . . . . . 1857 . Robot Analysis Total 1 | . . . . . . . . . . . . . . . . . . . . 1 . . . . . . . . . . . . . Derelict Logs Recovered 6 | . . . . . . . . . . . . . . . . 2 3 . 1 . . . . . . . . . . . . . . Drone Launches 8 | . . . . . . . 2 . . . . . 3 . . . . . . 3 . . . . . . . . . . . . . Drone Recoveries 5 | . . . . . . . 2 . . . . . 2 1 . . . . . . . . . . . . . . . . . . . Exploration | -11 -10 -10 -8 -8 -8 -8 -6 -6 -6 -6 -6 -6 -5 -5 -5 -5 -5 -5 -4 -4 -4 -4 -4 -4 -3 -3 -3 -2 -2 -2 -1 -1 -1 ------------- Run | Yrd Mat Sub Mat Gar Sto Rec Fac Was Fac Gar Fac Gar Fac Was Fac Upp Upp War Pro Fac Ext Cet Arc Hub Res Qua Gar Res Tes Frg Acc Com Ac0 Turns Passed 70928 | 134 1352 637 1761 2083 1352 3653 1379 402 600 1167 1154 1090 360 205 2304 1595 1869 1183 1087 1263 1039 143 632 1622 1879 1545 1200 4188 2900 6180 3892 15741 3337 Spaces Moved 35815 | 60 620 114 697 1056 541 1113 573 404 456 913 1439 557 187 104 1227 971 1180 496 852 929 706 149 105 910 1249 1105 581 1994 1181 1912 1136 7550 2748 Core 5 | 5 . . . . . . . . . . . . . . . . . . . . . . . . . . . . . . . . . Treads 16416 | 55 620 114 697 503 541 1035 320 53 456 677 . . . . 221 . . . 757 929 352 . 23 83 694 . 92 . 340 44 387 4675 2748 Legs 10284 | . . . . 394 . . 2 5 . . . 1 187 23 215 453 . . . . 22 . 44 827 555 1042 40 1219 841 951 641 2822 . Wheels 603 | . . . . 159 . 1 113 . . . . . . 81 183 20 . . . . . . . . . . . . . . . 46 . Hover 5872 | . . . . . . 22 7 103 . 116 . 76 . . 608 474 1180 496 95 . 332 149 38 . . . 392 775 . 896 106 7 . Flight 2635 | . . . . . . 55 131 243 . 120 1439 480 . . . 24 . . . . . . . . . 63 57 . . 21 2 . . Fastest Speed 40 | 50 160 160 160 120 160 97 78 40 66 66 73 73 169 145 94 117 147 147 91 91 62 62 62 119 119 119 73 93 93 75 75 75 98 Average Speed 128 | 150 160 160 170 171 194 173 164 58 66 92 73 77 169 150 134 137 147 147 97 91 70 62 90 119 119 119 102 104 143 175 151 142 98 Slowest Speed 376 | 160 160 160 213 320 240 240 224 88 66 165 73 169 169 169 190 195 147 147 147 91 91 62 119 119 119 119 207 207 317 273 376 226 98 Overloaded Moves 169 | . . . . . . . . 169 . . . . . . . . . . . . . . . . . . . . . . . . . Propulsion Burnouts . | . . . . . . . . . . . . . . . . . . . . . . . . . . . . . . . . . . Robots Hopped 2 | . . . . . . . . . . . 2 . . . . . . . . . . . . . . . . . . . . . . Potential Cave-ins 46 | . . . . . . . . . . . . . . . . . . . . . . . . . . . . . . 15 . 31 . Cave-ins Triggered 3 | . . . . . . . . . . . . . . . . . . . . . . . . . . . . . . . . 3 . Teleports 4 | . . . . . . . . . . . . . . . . . . . . . . . . . . . . . 1 1 . . 2 Time Travels 1 | . . . . . . . . . . . . . . . . . . . . . . . . . . . . . . . . . 1 Exploration Rate (%) 62 | 3 91 13 86 91 90 94 20 85 17 87 30 73 6 71 32 95 96 47 97 24 83 62 72 74 39 94 68 56 89 40 25 83 94 Regions Visited 33 Branch Regions 16 Pre-discovered Areas 11 | . 1 . 2 . 2 4 . . . . . . . . . 1 1 . . . . . . . . . . . . . . . . Known Exits Taken 16 | . . 1 1 . . . . . 1 . 1 . . . 1 1 1 . 1 1 1 . 1 1 . 1 . 1 . . 1 1 . Unknown Exits Taken 9 | 1 1 . . . 1 1 . . . . . . . . . . . 1 . . . 1 . . 1 . . . 1 1 . . . Scrap Searched 9 | . . . . . . . . . . . . . . . . 2 3 . 4 . . . . . . . . . . . . . . Spaces Dug 556 | . . . . 3 . 1 7 . . 31 13 41 . . 15 . 4 5 4 9 . . . 6 2 6 13 66 13 33 5 246 33 Terrain Destroyed 8654 | 5 20 35 153 190 1 3 44 1 28 100 135 236 9 12 191 20 35 18 23 17 23 5 6 354 16 20 36 124 207 1849 2218 2319 201 Melee 3 | . . . . 2 . 1 . . . . . . . . . . . . . . . . . . . . . . . . . . . Projectile 2394 | . . . 2 7 1 2 13 1 10 100 84 156 9 12 89 13 35 18 23 17 23 5 6 58 16 20 36 124 178 287 246 630 173 AOE 6257 | 5 20 35 151 181 . . 31 . 18 . 51 80 . . 102 7 . . . . . . . 296 . . . . 29 1562 1972 1689 28 Terrain Rammed . | . . . . . . . . . . . . . . . . . . . . . . . . . . . . . . . . . . Walls Destroyed . | . . . . . . . . . . . . . . . . . . . . . . . . . . . . . . . . . . Machines Disabled . | . . . . . . . . . . . . . . . . . . . . . . . . . . . . . . . . . . Actions | -11 -10 -10 -8 -8 -8 -8 -6 -6 -6 -6 -6 -6 -5 -5 -5 -5 -5 -5 -4 -4 -4 -4 -4 -4 -3 -3 -3 -2 -2 -2 -1 -1 -1 --------- Run | Yrd Mat Sub Mat Gar Sto Rec Fac Was Fac Gar Fac Gar Fac Was Fac Upp Upp War Pro Fac Ext Cet Arc Hub Res Qua Gar Res Tes Frg Acc Com Ac0 Total 56414 | 84 878 538 1091 1228 725 2789 971 538 719 1164 1527 1178 224 145 1796 1206 1291 930 1094 1338 1196 188 633 1320 1606 1272 1104 3611 2216 4039 2989 11614 3172 Wait 13051 | 1 172 405 200 21 53 1580 296 79 174 56 21 441 10 11 312 133 41 317 128 295 148 13 495 153 199 50 417 927 755 1061 1332 2686 69 Move 35777 | 59 619 113 697 1054 540 1112 573 403 456 912 1434 556 187 103 1226 970 1179 495 851 928 705 148 104 909 1248 1104 580 1993 1180 1911 1135 7546 2747 Hop 2 | . . . . . . . . . . . 2 . . . . . . . . . . . . . . . . . . . . . . Pick Up 406 | 9 9 . 13 8 21 8 22 5 16 6 5 . 3 2 10 11 4 3 6 13 15 2 5 9 28 12 1 28 9 34 21 51 17 Fast Attach 228 | 4 6 . 7 7 4 3 6 3 2 . . . 1 . 5 1 3 . 1 7 5 . . 7 11 1 1 18 12 22 15 51 25 Attach 159 | 2 3 . 7 12 3 5 3 . . 1 . 2 . . 2 1 . 2 4 3 2 . 1 1 5 1 1 7 10 26 15 31 9 Detach 74 | . 1 . 2 . 2 3 1 1 . . . . . . . . . . 1 3 2 . . 2 2 . . 4 3 17 16 12 2 Swap 308 | . 4 2 25 10 23 6 1 3 4 4 1 . 2 1 6 1 6 . 1 5 4 . 2 19 22 3 3 17 11 45 21 42 14 Drop 565 | . 5 . 14 1 23 32 25 5 13 6 6 1 1 . 12 9 8 7 3 18 20 1 5 19 39 15 2 37 11 53 33 104 37 Fire 5390 | 9 58 18 124 73 55 33 44 39 53 151 58 140 20 28 212 64 50 106 84 62 121 24 21 189 51 85 97 578 217 807 393 1074 252 Melee 30 | . . . . 16 . 5 . . . . . . . . . . . . . . . . . . . . . . . . 2 7 . Ram 1 | . . . . . . . . . . . . . . . 1 . . . . . . . . . . . . . . . . . . Kick 13 | . . . . . . . . . . . . . . . 2 . . . . . . . . 6 . 1 . 1 3 . . . . Crush 16 | . 1 . 2 . 1 1 . . 1 2 . . . . . . . . . 3 1 . . 3 1 . . . . . . . . Escape Stasis 162 | . . . . 4 . . . . . 26 . 38 . . 8 . . . . . . . . . . . 2 . 5 63 6 10 . Rewire 231 | . . . . 22 . 1 . . . . . . . . . 16 . . 15 . 173 . . 3 . . . 1 . . . . . Trap 1 | . . . . . . . . . . . . . . . . . . . . 1 . . . . . . . . . . . . . Miscellaneous . | . . . . . . . . . . . . . . . . . . . . . . . . . . . . . . . . . . Route ------- -11/Scrapyard -10/Materials (discovered 6 exits: *Mat x3 / *Min x2 / [*Sub]) -10/Subcaves (discovered 2 exits: *Mat x2) -8/Materials (discovered 5 exits: *Fac x3 / *Sto / Gar) -8/Garrison (discovered 4 exits: *Sto x4) -8/Storage (discovered 2 exits: *Fac / *Rec) -8/Recycling -6/Factory (discovered 3 exits: Fac / Low x2) -6/Waste -6/Factory (discovered 2 exits: *Low / Gar) -6/Garrison (discovered 4 exits: *Fac x4) -6/Factory (discovered 3 exits: *Fac x2 / Gar) -6/Garrison (discovered 3 exits: *Fac x3) -5/Factory -5/Waste -5/Factory (discovered 6 exits: *Fac x4 / *Upp x2) -5/Upper Caves -5/Upper Caves (discovered 2 exits: *Fac / *War) -5/Warlord -4/Proximity Caves -4/Factory (discovered 3 exits: Upp / *Ext x2) -4/Extension (discovered 3 exits: *Res x2 / *Cet) -4/Cetus (discovered 2 exits: *Res / [*Arc]) -4/Archives (discovered 3 exits: *Res / *Hub x2) -4/Hub_04(d) (discovered 4 exits: *Res x4) -3/Research (discovered 3 exits: *Res x2 / *Qua) -3/Quarantine (discovered 2 exits: *Res / Gar) -3/Garrison (discovered 3 exits: *Res x3) -2/Research (discovered 3 exits: [*Acc x2] / *Tes) -2/Testing (discovered 3 exits: [*Acc] / [*Sec] / *Frg) -2/Protoforge -1/Access (discovered 2 exits: Sur / *Com) -1/Command (discovered 2 exits: *Sur / *Ac0) -1/Access_0 0b11 Command History --------- Turn | Location | Event 3 | -11/Scrapyard | Discovered new exit (range 15) 135 | -11/Scrapyard | Entered Materials 289 | -10/Materials | Discovered new exit (range 3) 314 | -10/Materials | Build established: Mutant 525 | -10/Materials | Discovered new exit (range 10) 572 | -10/Materials | Prayed at D.C.S.S. Altar Unit 630 | -10/Materials | Core integrity fell below 50% 693 | -10/Materials | Identified exit to Materials 693 | -10/Materials | X0-1V1 revealed exit location to -9/Materials 728 | -10/Materials | Core integrity restored by X0-1V1 (+65) 740 | -10/Materials | X0-1V1 foreshadows a heat wave 744 | -10/Materials | Discovered new exit (range 16) 765 | -10/Materials | X0-1V1 caused items to flee you 778 | -10/Materials | X0-1V1 sent hostile G-34 Mercenary (x3) 782 | -10/Materials | Weapon slot count temporarily expanded by X0-1V1 (+3) 789 | -10/Materials | X0-1V1 whisked you away to safety 801 | -10/Materials | Learned 2 Mines zone layouts 819 | -10/Materials | Identified exit to Mines 819 | -10/Materials | X0-1V1 revealed exit location to -10/Mines 826 | -10/Materials | Heat dissipation permanently improved by X0-1V1 (+25; -125 max core) 890 | -10/Materials | Core integrity restored by X0-1V1 (+31) 916 | -10/Materials | Loaded intel: 4 trap records 954 | -10/Materials | Ambient heat levels rising (+10) 958 | -10/Materials | Learned Storage emergency access door positions 958 | -10/Materials | Items stopped fleeing you 992 | -10/Materials | Learned location of Recycling (-8) 1048 | -10/Materials | X0-1V1 added 0b10 threat records associated with you (major) 1085 | -10/Materials | Learned Storage trap positions 1175 | -10/Materials | Ambient heat levels rising (+10) 1337 | -10/Materials | Weapon slot count reverted to normal (-3) 1389 | -10/Materials | Ambient heat levels falling (-10) 1448 | -10/Materials | System corruption reached 10% 1468 | -10/Materials | X0-1V1 announced a LAN party 1482 | -10/Materials | X0-1V1 put everyone to sleep 1487 | -10/Materials | Entered Subcaves 1488 | -10/Subcaves | Identified exit to Materials 1489 | -10/Subcaves | X0-1V1 activates XOMVISION 1495 | -10/Subcaves | X0-1V1 sent you into danger 1496 | -10/Subcaves | A swath of the cavern ceiling suddenly collapsed 1511 | -10/Subcaves | X0-1V1 caused items to flee you 1523 | -10/Subcaves | X0-1V1 sent hostile G-34 Mercenary (x5) 1604 | -10/Subcaves | Shifting Twisted Machinery released Sub. Laser 1611 | -10/Subcaves | Shifting Twisted Machinery released Riot Gun 1757 | -10/Subcaves | Items stopped fleeing you 2124 | -10/Subcaves | Core integrity permanently improved by X0-1V1 (+350) 2124 | -10/Subcaves | Entered Materials 2124 | -8/Materials | Evolved 4 slots: Propulsion x1, Utility x2, Weapon x1 2398 | -8/Materials | X0-1V1 caused items to flee you 2479 | -8/Materials | Discovered new exit (range 11) 2598 | -8/Materials | X0-1V1 announced a LAN party 2666 | -8/Materials | Items stopped fleeing you 2752 | -8/Materials | Identified exit to Factory 2752 | -8/Materials | X0-1V1 revealed exit location to -7/Factory 2755 | -8/Materials | Build established: Gunner 2777 | -8/Materials | X0-1V1 vaporized surrounding terrain (radius 15) 2864 | -8/Materials | Identified exit to Storage 3029 | -8/Materials | Discovered exit to Factory (range 17) 3035 | -8/Materials | Destroyed 7 combat bots 3096 | -8/Materials | Repaired Gauss Rifle 3246 | -8/Materials | X0-1V1 redirected Transport squads to designated parking area 3324 | -8/Materials | First assault squad dispatched 3363 | -8/Materials | Destroyed 8 combat bots 3384 | -8/Materials | X0-1V1 vaporized surrounding terrain (radius 19) 3539 | -8/Materials | X0-1V1 activates XOMVISION 3760 | -8/Materials | Garrison activated, responded to threat 3810 | -8/Materials | Sterilization system engaged 3810 | -8/Materials | Non-combat units ordered to evacuate 3821 | -8/Materials | Lost 3 parts (1n1u1w) 3830 | -8/Materials | Destroyed 12 combat bots 3875 | -8/Materials | X0-1V1 vaporized surrounding terrain (radius 23) 3885 | -8/Materials | Identified exit to Garrison 3885 | -8/Materials | Entered Garrison 3949 | -8/Garrison | Triggered checkpoint 3971 | -8/Garrison | Garrison Relay disabled 4015 | -8/Garrison | Triggered checkpoint 4032 | -8/Garrison | Triggered checkpoint 4104 | -8/Garrison | Destroyed 13 combat bots 4111 | -8/Garrison | Lost 8 parts (4n4w) 4155 | -8/Garrison | Triggered checkpoint 4176 | -8/Garrison | Core integrity restored by X0-1V1 (+124) 4195 | -8/Garrison | Triggered checkpoint 4293 | -8/Garrison | Garrison Relay disabled 4495 | -8/Garrison | Ranged accuracy permanently improved by X0-1V1 (+5%; -50 max core) 4507 | -8/Garrison | Discovered exit to Storage (range 12) 4575 | -8/Garrison | Phase Generator disabled 4899 | -8/Garrison | Triggered checkpoint 4946 | -8/Garrison | Build established: Scavenger-Mutant 4959 | -8/Garrison | Discovered exit to Storage (range 14) 4974 | -8/Garrison | Lost 6 parts (1p1n2u2w) 4976 | -8/Garrison | Discovered exit to Storage (range 5) 5014 | -8/Garrison | X0-1V1 vaporized surrounding terrain (radius 24) 5241 | -8/Garrison | X0-1V1 sent you into danger 5535 | -8/Garrison | Build established: Scavenger-Gunner 5599 | -8/Garrison | X0-1V1 revealed exit location to -8/Storage 5632 | -8/Garrison | Garrison Relay disabled 5645 | -8/Garrison | Triggered checkpoint 5695 | -8/Garrison | Garrison Relay disabled 5788 | -8/Garrison | Discovered exit to Storage (range 54) 5788 | -8/Garrison | Discovered exit to Storage (range 46) 5788 | -8/Garrison | Discovered exit to Storage (range 8) 5788 | -8/Garrison | Discovered exit to Storage (range 30) 5810 | -8/Garrison | Attempted to access garrison exit controls, blocked by remote lockdown 5968 | -8/Garrison | Entered Storage 5968 | -8/Storage | Accompanied by 3 allies 5969 | -8/Storage | Loaded intel: 28 trap records 6208 | -8/Storage | X0-1V1 put everyone to sleep 6418 | -8/Storage | Discovered exit to Factory (range 8) 6672 | -8/Storage | Used back door to open Recycling access 6672 | -8/Storage | Discovered new exit (range 5) 6694 | -8/Storage | Build established: Scavenger-Tank 6854 | -8/Storage | Core integrity fell below 50% 7298 | -8/Storage | Core integrity restored by X0-1V1 (+195) 7300 | -8/Storage | X0-1V1 woke everyone up 7320 | -8/Storage | Entered Recycling 7697 | -8/Recycling | X0-1V1 activates XOMVISION 7723 | -8/Recycling | Discovered new exit (range 16) 8129 | -8/Recycling | Learned 2 Lower Caves zone layouts 8202 | -8/Recycling | Learned location of 1 exit from Extension 8225 | -8/Recycling | Learned Storage trap positions 8298 | -8/Recycling | Learned Factory stockpile data 8329 | -8/Recycling | Entered Scraplab 8336 | -8/Recycling | Found Prototype Device 8336 | -8/Recycling | Identified Scrap Engine 8417 | -8/Recycling | X0-1V1 activates XOMVISION 8672 | -8/Recycling | Build established: Mutant 8895 | -8/Recycling | X0-1V1 caused items to flee you 9052 | -8/Recycling | Items stopped fleeing you 9139 | -8/Recycling | System corruption reached 10% 9153 | -8/Recycling | Build established: Construct 9754 | -8/Recycling | X0-1V1 mutated your Weapon slot to Power slot 10416 | -8/Recycling | X0-1V1 sent hostile Y-45 Defender (x1) 10570 | -8/Recycling | X0-1V1 vaporized surrounding terrain (radius 17) 10959 | -8/Recycling | X0-1V1 added 0b10 threat records associated with you (minor) 10973 | -8/Recycling | Entered Factory 10973 | -6/Factory | Evolved 4 slots: Propulsion x1, Utility x2, Weapon x1 10974 | -6/Factory | Identified exit to Lower Caves 11250 | -6/Factory | X0-1V1 caused items to flee you 11314 | -6/Factory | X0-1V1 redirected Transport squads to designated parking area 11323 | -6/Factory | Search patrols dispatched 11408 | -6/Factory | X0-1V1 activates XOMVISION 11418 | -6/Factory | Items stopped fleeing you 11797 | -6/Factory | X0-1V1 revealed exit location to -6/Lower Caves 12079 | -6/Factory | X0-1V1 activates XOMVISION 12094 | -6/Factory | Identified exit to Factory 12094 | -6/Factory | X0-1V1 revealed exit location to -5/Factory 12168 | -6/Factory | X0-1V1 put everyone to sleep 12352 | -6/Factory | Sucked down chute 12352 | -6/Factory | Entered Waste 12367 | -6/Waste | Spotted C-40 Crusher 12368 | -6/Waste | Spotted C-40 Crusher 12370 | -6/Waste | Spotted C-40 Crusher 12370 | -6/Waste | Spotted C-40 Crusher 12381 | -6/Waste | Destroyed C-40 Crusher 12383 | -6/Waste | Destroyed C-40 Crusher 12415 | -6/Waste | Spotted C-40 Crusher 12425 | -6/Waste | Spotted C-40 Crusher 12432 | -6/Waste | Destroyed C-40 Crusher 12456 | -6/Waste | Destroyed C-40 Crusher 12484 | -6/Waste | Discovered new exit (range 12) 12506 | -6/Waste | X0-1V1 vaporized surrounding terrain (radius 15) 12518 | -6/Waste | Destroyed C-40 Crusher 12555 | -6/Waste | X0-1V1 activates XOMVISION 12754 | -6/Waste | Entered Factory 12869 | -6/Factory | Fabricated Proton Cannon (x2) 13192 | -6/Factory | Discovered exit to Lower Caves (range 16) 13230 | -6/Factory | Spotted B-75 Beast 13251 | -6/Factory | Destroyed B-75 Beast 13316 | -6/Factory | Identified exit to Garrison 13354 | -6/Factory | Entered Garrison 13375 | -6/Garrison | Triggered checkpoint 13426 | -6/Garrison | Discovered new exit (range 5) 13435 | -6/Garrison | Destroyed 7 combat bots 13522 | -6/Garrison | Triggered checkpoint 13593 | -6/Garrison | Garrison Relay disabled 13727 | -6/Garrison | Spotted B-75 Beast 13728 | -6/Garrison | Destroyed B-75 Beast 13793 | -6/Garrison | Discovered new exit (range 9) 13827 | -6/Garrison | Garrison Relay disabled 13836 | -6/Garrison | Triggered checkpoint 14006 | -6/Garrison | Triggered checkpoint 14032 | -6/Garrison | Garrison Relay disabled 14150 | -6/Garrison | Triggered checkpoint 14235 | -6/Garrison | Discovered new exit (range 6) 14251 | -6/Garrison | Triggered checkpoint 14278 | -6/Garrison | Garrison Relay disabled 14384 | -6/Garrison | Triggered checkpoint 14409 | -6/Garrison | Garrison Relay disabled 14420 | -6/Garrison | Discovered new exit (range 75) 14420 | -6/Garrison | Discovered new exit (range 18) 14420 | -6/Garrison | Discovered new exit (range 61) 14420 | -6/Garrison | Discovered new exit (range 47) 14484 | -6/Garrison | Triggered checkpoint 14521 | -6/Garrison | Entered Factory 14794 | -6/Factory | X0-1V1 activates XOMVISION 14885 | -6/Factory | Discovered exit to Factory (range 10) 14904 | -6/Factory | X0-1V1 caused items to flee you 14996 | -6/Factory | Items stopped fleeing you 15121 | -6/Factory | X0-1V1 redirected Transport squads to designated parking area 15145 | -6/Factory | Identified exit to Garrison 15267 | -6/Factory | Discovered exit to Factory (range 5) 15472 | -6/Factory | X0-1V1 sent you to a vault 15571 | -6/Factory | First assault squad dispatched 15675 | -6/Factory | Entered Garrison 15691 | -6/Garrison | Triggered checkpoint 15707 | -6/Garrison | Garrison Relay disabled 15719 | -6/Garrison | Garrison Relay disabled 15765 | -6/Garrison | X0-1V1 vaporized surrounding terrain (radius 15) 15774 | -6/Garrison | Triggered checkpoint 15780 | -6/Garrison | Triggered checkpoint 15789 | -6/Garrison | Spotted B-75 Beast 15806 | -6/Garrison | Destroyed 8 combat bots 15964 | -6/Garrison | X0-1V1 caused items to flee you 16067 | -6/Garrison | Destroyed B-75 Beast 16078 | -6/Garrison | Items stopped fleeing you 16108 | -6/Garrison | Triggered checkpoint 16152 | -6/Garrison | Destroyed 10 combat bots 16157 | -6/Garrison | Triggered checkpoint 16197 | -6/Garrison | Garrison Relay disabled 16208 | -6/Garrison | Garrison Relay disabled 16212 | -6/Garrison | Garrison Relay disabled 16241 | -6/Garrison | Garrison Relay disabled 16242 | -6/Garrison | Garrison Relay disabled 16258 | -6/Garrison | Discovered exit to Factory (range 12) 16337 | -6/Garrison | X0-1V1 vaporized surrounding terrain (radius 15) 16353 | -6/Garrison | Triggered checkpoint 16430 | -6/Garrison | Garrison Relay disabled 16462 | -6/Garrison | Garrison Relay disabled 16486 | -6/Garrison | Discovered exit to Factory (range 74) 16486 | -6/Garrison | Discovered exit to Factory (range 9) 16486 | -6/Garrison | Discovered exit to Factory (range 48) 16501 | -6/Garrison | Phase Generator disabled 16765 | -6/Garrison | Entered Factory 16765 | -5/Factory | Evolved 2 slots: Propulsion x1, Utility x1 16992 | -5/Factory | Lost 4 allies 17125 | -5/Factory | Sucked down chute 17125 | -5/Factory | Entered Waste 17125 | -5/Waste | Met up with 1 ally sucked down the chute earlier 17140 | -5/Waste | EMP discharged 17151 | -5/Waste | Spotted C-40 Crusher 17163 | -5/Waste | Spotted C-40 Crusher 17166 | -5/Waste | Spotted C-40 Crusher 17170 | -5/Waste | Destroyed C-40 Crusher 17178 | -5/Waste | Destroyed C-40 Crusher 17199 | -5/Waste | Spotted C-40 Crusher 17207 | -5/Waste | Destroyed C-40 Crusher 17208 | -5/Waste | Destroyed C-40 Crusher 17227 | -5/Waste | Identified exit to Factory 17227 | -5/Waste | X0-1V1 revealed exit location to -5/Factory 17237 | -5/Waste | Destroyed C-40 Crusher 17240 | -5/Waste | EMP discharged 17240 | -5/Waste | System corruption reached 10% 17240 | -5/Waste | Destroyed C-40 Crusher 17330 | -5/Waste | Entered Factory 17592 | -5/Factory | X0-1V1 activates XOMVISION 17630 | -5/Factory | Destroyed 8 combat bots 17786 | -5/Factory | Identified exit to Factory 17786 | -5/Factory | X0-1V1 revealed exit location to -4/Factory 17819 | -5/Factory | X0-1V1 activates XOMVISION 17860 | -5/Factory | Destroyed 7 combat bots 17905 | -5/Factory | X0-1V1 revealed exit location to -4/Factory 17930 | -5/Factory | First assault squad dispatched 18030 | -5/Factory | Spotted B-75 Beast 18116 | -5/Factory | Identified exit to Upper Caves 18116 | -5/Factory | X0-1V1 revealed exit location to -5/Upper Caves 18211 | -5/Factory | Discovered exit to Upper Caves (range 3) 18417 | -5/Factory | Garrison activated, responded to threat 18495 | -5/Factory | X0-1V1 downgraded hostiles (x1) 18749 | -5/Factory | X0-1V1 revealed exit location to -4/Factory 18942 | -5/Factory | Watched by a mysterious "MATRIX" hacker 18993 | -5/Factory | Discovered exit to Factory (range 4) 19038 | -5/Factory | X0-1V1 announced a LAN party 19239 | -5/Factory | Destroyed 13 combat bots 19634 | -5/Factory | Entered Upper Caves 19650 | -5/Upper Caves | Met a Warlord Commander 19651 | -5/Upper Caves | Learned location of Warlord (-5) 19652 | -5/Upper Caves | Warlord Commander delivered Encrypted Comm Array 19653 | -5/Upper Caves | Found Encrypted Comm Array 19669 | -5/Upper Caves | Destroyed 8 combat bots 19903 | -5/Upper Caves | Spotted B-75 Beast 19913 | -5/Upper Caves | Destroyed B-75 Beast 19945 | -5/Upper Caves | Identified exit to Upper Caves 19945 | -5/Upper Caves | X0-1V1 revealed exit location to -5/Upper Caves 19985 | -5/Upper Caves | Attracted the attention of an 0b10 outpost 19991 | -5/Upper Caves | X0-1V1 whisked you away to safety 20157 | -5/Upper Caves | X0-1V1 sent you into danger 20366 | -5/Upper Caves | X0-1V1 sent you into danger 20380 | -5/Upper Caves | X0-1V1 turns hostiles against one another 20509 | -5/Upper Caves | Attracted the attention of an 0b10 checkpoint 20649 | -5/Upper Caves | X0-1V1 activates XOMVISION 20743 | -5/Upper Caves | Learned Factory garrison access intel 20842 | -5/Upper Caves | X0-1V1 vaporized surrounding terrain (radius 21) 21229 | -5/Upper Caves | Entered another Upper Caves area 21229 | -5/Upper Caves | Accompanied by 2 allies 21230 | -5/Upper Caves | Identified exit to Warlord 21243 | -5/Upper Caves | X0-1V1 caused items to flee you 21301 | -5/Upper Caves | X0-1V1 sent hostile Guerrilla (x2) 21318 | -5/Upper Caves | Spotted B-75 Beast 21322 | -5/Upper Caves | Destroyed B-75 Beast 21381 | -5/Upper Caves | Discovered exit to Factory (range 8) 21506 | -5/Upper Caves | Items stopped fleeing you 21563 | -5/Upper Caves | Learned location of 2 exits from Factory 21759 | -5/Upper Caves | Learned location of Armory (-4) 21838 | -5/Upper Caves | Core integrity restored by X0-1V1 (+293) 21870 | -5/Upper Caves | X0-1V1 activates XOMVISION 22086 | -5/Upper Caves | Attracted the attention of an 0b10 checkpoint 22219 | -5/Upper Caves | Learned Factory terminal intel 22310 | -5/Upper Caves | X0-1V1 vaporized surrounding terrain (radius 20) 22355 | -5/Upper Caves | System corruption reached 30% 22996 | -5/Upper Caves | X0-1V1 vaporized surrounding terrain (radius 21) 23098 | -5/Upper Caves | Entered Warlord 23152 | -5/Warlord | System corruption cleaned by Quarantine Array 23304 | -5/Warlord | Met Warlord 23329 | -5/Warlord | Warlord's base attacked by MAIN.C 23679 | -5/Warlord | Warlord forces counterattacked 23746 | -5/Warlord | Lost 4 allies 23764 | -5/Warlord | Spotted Striker 23775 | -5/Warlord | Destroyed Striker 23775 | -5/Warlord | P-70 Sage assimilated allied Y3-I5S(g) 23799 | -5/Warlord | Lost 3 allies 23821 | -5/Warlord | Spotted Striker 23824 | -5/Warlord | Destroyed Striker 23872 | -5/Warlord | Discovered new exit (range 15) 23897 | -5/Warlord | Destroyed 18 combat bots 23931 | -5/Warlord | Spotted Executioner 23933 | -5/Warlord | Destroyed Executioner 23967 | -5/Warlord | Destroyed 10 combat bots 23969 | -5/Warlord | Lost 4 allies 24004 | -5/Warlord | Warlord base infiltrated, sounded retreat 24148 | -5/Warlord | Spotted B-75 Beast 24154 | -5/Warlord | Destroyed B-75 Beast 24229 | -5/Warlord | Spotted Executioner 24229 | -5/Warlord | Spotted Striker 24238 | -5/Warlord | Destroyed Executioner 24241 | -5/Warlord | Destroyed Striker 24269 | -5/Warlord | Destroyed 10 combat bots 24269 | -5/Warlord | Lost 5 allies 24281 | -5/Warlord | Entered Proximity Caves 24284 | -4/Proximity Caves | Spotter reported a threat 24284 | -4/Proximity Caves | Spotter reported a threat 24509 | -4/Proximity Caves | X0-1V1 vaporized surrounding terrain (radius 18) 24585 | -4/Proximity Caves | X0-1V1 caused items to flee you 24616 | -4/Proximity Caves | Attracted the attention of an 0b10 outpost 24661 | -4/Proximity Caves | X0-1V1 sent hostile Wasp (x2) 24669 | -4/Proximity Caves | Destroyed 7 combat bots 24740 | -4/Proximity Caves | X0-1V1 vaporized surrounding terrain (radius 18) 24741 | -4/Proximity Caves | Items stopped fleeing you 24804 | -4/Proximity Caves | X0-1V1 vaporized surrounding terrain (radius 18) 24935 | -4/Proximity Caves | Spotted B-86 Titan 24944 | -4/Proximity Caves | X0-1V1 revealed exit location to -4/Factory 24967 | -4/Proximity Caves | Destroyed B-86 Titan 25194 | -4/Proximity Caves | X0-1V1 activates XOMVISION 25195 | -4/Proximity Caves | Learned Research garrison access intel 25282 | -4/Proximity Caves | Ambushed by research squad 25334 | -4/Proximity Caves | X0-1V1 rewrote Sentinel 7a IFF filter 25368 | -4/Proximity Caves | Entered Factory 25368 | -4/Factory | Evolved 2 slots: Utility x1, Weapon x1 25369 | -4/Factory | Identified exit to Upper Caves 25369 | -4/Factory | Identified exit to Extension 25370 | -4/Factory | Loaded intel: 26 terminal locations 25371 | -4/Factory | Loaded intel: 4 garrison access locations 25403 | -4/Factory | X0-1V1 redirected Transport squads to designated parking area 25527 | -4/Factory | X0-1V1 caused items to flee you 25705 | -4/Factory | Items stopped fleeing you 25916 | -4/Factory | X0-1V1 announced a LAN party 25987 | -4/Factory | Lost 3 allies 26006 | -4/Factory | Discovered exit to Extension (range 6) 26355 | -4/Factory | X0-1V1 sent you to a vault 26368 | -4/Factory | Found Prototype Device 26368 | -4/Factory | Identified Adv. Particle Accelerator 26631 | -4/Factory | Entered Extension 26632 | -4/Extension | Identified exit to Research 26645 | -4/Extension | Identified exit to Cetus 26645 | -4/Extension | X0-1V1 revealed exit location to -4/Cetus 26690 | -4/Extension | X0-1V1 activates XOMVISION 26759 | -4/Extension | Rescued A7 27096 | -4/Extension | Build established: Commander-Construct 27219 | -4/Extension | Spotted B-86 Titan 27233 | -4/Extension | Destroyed B-86 Titan 27248 | -4/Extension | Spotted B-86 Titan 27249 | -4/Extension | Allies destroyed B-86 Titan 27322 | -4/Extension | X0-1V1 revealed exit location to -3/Research 27398 | -4/Extension | X0-1V1 vaporized surrounding terrain (radius 19) 27481 | -4/Extension | Disrupted transfer network 27554 | -4/Extension | Lost 4 allies 27631 | -4/Extension | First assault squad dispatched 27632 | -4/Extension | Disrupted transfer network 27641 | -4/Extension | Weapon slot count temporarily expanded by X0-1V1 (+2) 27663 | -4/Extension | Extracted ID and sensor layout for unrecognized location from A7's data core 27670 | -4/Extension | Entered Cetus 27682 | -4/Cetus | Destroyed 12 combat bots 27686 | -4/Cetus | Destroyed Cetus Guard 27690 | -4/Cetus | Destroyed Cetus Guard 27695 | -4/Cetus | Destroyed Cetus Guard 27698 | -4/Cetus | Spotted Cetus Guard 27699 | -4/Cetus | Lost 14 allies 27701 | -4/Cetus | Destroyed Cetus Guard 27723 | -4/Cetus | X0-1V1 put everyone to sleep 27739 | -4/Cetus | Discovered new exit (range 16) 27753 | -4/Cetus | Spotted Cetus Guard 27753 | -4/Cetus | Spotted Cetus Guard 27756 | -4/Cetus | Spotted Cetus Guard 27757 | -4/Cetus | Spotted Cetus Guard 27758 | -4/Cetus | Destroyed Cetus Guard 27759 | -4/Cetus | Destroyed Cetus Guard 27761 | -4/Cetus | Destroyed Cetus Guard 27764 | -4/Cetus | Destroyed Cetus Guard 27768 | -4/Cetus | Discovered exit to Research (range 15) 27771 | -4/Cetus | Met Revision 17 27793 | -4/Cetus | X0-1V1 sent hostile Y-64 Sentinel (x1) 27813 | -4/Cetus | Entered Archives 27854 | -4/Archives | X0-1V1 activates XOMVISION 27927 | -4/Archives | Build established: Construct 28007 | -4/Archives | Weapon slot count reverted to normal (-2) 28013 | -4/Archives | Discovered exit to Research (range 16) 28140 | -4/Archives | Discovered new exit (range 15) 28162 | -4/Archives | Identified exit to Hub_04(d) 28162 | -4/Archives | X0-1V1 revealed exit location to -4/Hub_04(d) 28445 | -4/Archives | Entered Hub_04(d) 28447 | -4/Hub_04(d) | Spotted B-86 Titan 28457 | -4/Hub_04(d) | Destroyed B-86 Titan 28458 | -4/Hub_04(d) | X0-1V1 activates XOMVISION 28539 | -4/Hub_04(d) | Discovered exit to Research (range 7) 28608 | -4/Hub_04(d) | X0-1V1 revealed exit location to -3/Research 28641 | -4/Hub_04(d) | X0-1V1 added 0b10 threat records associated with you (major) 28651 | -4/Hub_04(d) | Found Quantum Capacitor 28695 | -4/Hub_04(d) | Search patrols dispatched 28737 | -4/Hub_04(d) | X0-1V1 sent you to a vault 28782 | -4/Hub_04(d) | Discovered exit to Research (range 5) 28945 | -4/Hub_04(d) | First assault squad dispatched 28958 | -4/Hub_04(d) | Network Hub disabled 28998 | -4/Hub_04(d) | Spotted Lightning 29001 | -4/Hub_04(d) | Spotted Lightning 29009 | -4/Hub_04(d) | System corruption reached 10% 29010 | -4/Hub_04(d) | Spotted Lightning 29013 | -4/Hub_04(d) | Destroyed Lightning 29016 | -4/Hub_04(d) | Lost 4 allies 29057 | -4/Hub_04(d) | Destroyed Lightning 29066 | -4/Hub_04(d) | Found Prototype Device 29066 | -4/Hub_04(d) | Identified Exp. EM Shield 29078 | -4/Hub_04(d) | Destroyed 7 combat bots 29100 | -4/Hub_04(d) | X0-1V1 whisked you away to safety 29276 | -4/Hub_04(d) | Network Hub disabled 29517 | -4/Hub_04(d) | Found Prototype Device 29520 | -4/Hub_04(d) | Identified Exp. Phase Shifter 29568 | -4/Hub_04(d) | X0-1V1 sent allied Troll (x1) 29714 | -4/Hub_04(d) | Discovered exit to Research (range 12) 29783 | -4/Hub_04(d) | X0-1V1 downgraded hostiles (x3) 29812 | -4/Hub_04(d) | Spotted Lightning 29816 | -4/Hub_04(d) | Spotted Lightning 29820 | -4/Hub_04(d) | Spotted Lightning 29832 | -4/Hub_04(d) | Destroyed Lightning 29843 | -4/Hub_04(d) | Destroyed Lightning 29987 | -4/Hub_04(d) | Network Hub disabled 29988 | -4/Hub_04(d) | High security lockdown imminent 30001 | -4/Hub_04(d) | X0-1V1 sent hostile H-66 Slayer (x2) 30053 | -4/Hub_04(d) | X0-1V1 downgraded hostiles (x4) 30067 | -4/Hub_04(d) | Entered Research 30067 | -3/Research | Evolved 2 slots: Utility x2 30068 | -3/Research | Loaded intel: 4 garrison access locations 30094 | -3/Research | X0-1V1 sent you to a vault 30267 | -3/Research | Revision forces began assault on 0b10 30384 | -3/Research | Discovered new exit (range 15) 30504 | -3/Research | Spotted B-86 Titan 30513 | -3/Research | Destroyed B-86 Titan 30569 | -3/Research | X0-1V1 announced a LAN party 30657 | -3/Research | Lost 3 allies 30700 | -3/Research | Found Prototype Device 30734 | -3/Research | Identified Exp. Focal Shield 30767 | -3/Research | Research terminal network offline 31309 | -3/Research | Discovered new exit (range 12) 31324 | -3/Research | Identified exit to Research 31342 | -3/Research | Found Prototype Device 31360 | -3/Research | Identified Exp. ECM Suite 31465 | -3/Research | Discovered new exit (range 6) 31569 | -3/Research | Spotted Striker 31573 | -3/Research | Destroyed Striker 31581 | -3/Research | Destroyed Striker 31656 | -3/Research | Spotted Striker 31661 | -3/Research | Destroyed Striker 31849 | -3/Research | Found Prototype Device 31919 | -3/Research | Identified Exp. Thermal Shield 31946 | -3/Research | Entered Quarantine 31969 | -3/Quarantine | X0-1V1 sent hostile Wasp (x2) 32015 | -3/Quarantine | Cryocooling Duct disabled 32030 | -3/Quarantine | Ambient heat levels rising (+20) 32030 | -3/Quarantine | Non-combat units ordered to evacuate 32197 | -3/Quarantine | Identified exit to Garrison 32306 | -3/Quarantine | Destroyed 7 combat bots 32367 | -3/Quarantine | Spotted Alpha 7 32380 | -3/Quarantine | Destroyed Alpha 7 32446 | -3/Quarantine | First assault squad dispatched 32553 | -3/Quarantine | X0-1V1 made a cryptic comment about sterilization and BL-4Z3 32614 | -3/Quarantine | Found Alien Launcher 32651 | -3/Quarantine | Sterilization system engaged 32651 | -3/Quarantine | Non-combat units ordered to evacuate 32664 | -3/Quarantine | Found Alien Artifact 32751 | -3/Quarantine | Combat units ordered to evacuate 32790 | -3/Quarantine | Found Alien Artifact 32882 | -3/Quarantine | Found Alien Artifact 32918 | -3/Quarantine | Found Alien Slashing Weapon 32943 | -3/Quarantine | Found Alien Energy Cannon 32951 | -3/Quarantine | Ambient heat levels rising (+10) 33101 | -3/Quarantine | Ambient heat levels rising (+10) 33114 | -3/Quarantine | Met incapacitated Sigix Warrior 33114 | -3/Quarantine | Lockdown squad dispatched 33149 | -3/Quarantine | Found Alien Artifact 33155 | -3/Quarantine | Found Alien Artifact 33251 | -3/Quarantine | Ambient heat levels rising (+10) 33256 | -3/Quarantine | Discovered exit to Research (range 16) 33357 | -3/Quarantine | Spotted Lightning 33381 | -3/Quarantine | Spotted Lightning 33381 | -3/Quarantine | Spotted Lightning 33391 | -3/Quarantine | Destroyed Lightning 33401 | -3/Quarantine | Ambient heat levels rising (+10) 33401 | -3/Quarantine | Found Exp. EM Shield 33406 | -3/Quarantine | Destroyed Lightning 33409 | -3/Quarantine | Found Prototype Device 33491 | -3/Quarantine | Entered Garrison 33529 | -3/Garrison | X0-1V1 activates XOMVISION 33553 | -3/Garrison | Garrison Relay disabled 33764 | -3/Garrison | System corruption reached 10% 33800 | -3/Garrison | Spotted B-86 Titan 33807 | -3/Garrison | Destroyed B-86 Titan 33908 | -3/Garrison | Destroyed 7 combat bots 33933 | -3/Garrison | Triggered checkpoint 33985 | -3/Garrison | Destroyed 7 combat bots 33986 | -3/Garrison | Identified Subatomic Replicator 33993 | -3/Garrison | Discovered exit to Research (range 17) 33993 | -3/Garrison | Discovered exit to Research (range 55) 33993 | -3/Garrison | Discovered exit to Research (range 55) 34067 | -3/Garrison | Triggered checkpoint 34068 | -3/Garrison | Garrison Relay disabled 34118 | -3/Garrison | X0-1V1 destroyed Phase Generator 34118 | -3/Garrison | Phase Generator disabled 34131 | -3/Garrison | Triggered checkpoint 34151 | -3/Garrison | Garrison Relay disabled 34210 | -3/Garrison | X0-1V1 caused items to flee you 34210 | -3/Garrison | Garrison Relay disabled 34255 | -3/Garrison | X0-1V1 sent hostile Thug (x4) 34283 | -3/Garrison | Garrison Relay disabled 34285 | -3/Garrison | Destroyed 8 combat bots 34325 | -3/Garrison | Items stopped fleeing you 34612 | -3/Garrison | X0-1V1 activates XOMVISION 34691 | -3/Garrison | Entered Research 34691 | -2/Research | Warlord forces began assault on 0b10 34691 | -2/Research | Evolved 2 slots: Utility x1, Weapon x1 34716 | -2/Research | Distinguished unit "Bridgeowners Association" dispatched to help 34716 | -2/Research | Distinguished unit "Lair Dwellers" dispatched to help 34798 | -2/Research | Central database locked down 34801 | -2/Research | Research machine network offline 34847 | -2/Research | Identified Phase Redirector 34848 | -2/Research | Identified Exp. Phase Shifter 34921 | -2/Research | Spotted B-90 Cyclops 34978 | -2/Research | X0-1V1 redirected Transport squads to designated parking area 35032 | -2/Research | Met up with Warlord 35139 | -2/Research | Spotted B-90 Cyclops 35139 | -2/Research | X0-1V1 sent you into danger 35179 | -2/Research | X0-1V1 caused items to flee you 35188 | -2/Research | Spotted Striker 35191 | -2/Research | Destroyed Striker 35202 | -2/Research | Spotted Striker 35203 | -2/Research | Spotted Executioner 35203 | -2/Research | Spotted Executioner 35204 | -2/Research | Destroyed Executioner 35207 | -2/Research | Destroyed Striker 35211 | -2/Research | Destroyed Executioner 35220 | -2/Research | Spotted Executioner 35236 | -2/Research | Destroyed 8 combat bots 35242 | -2/Research | Lost 5 allies 35329 | -2/Research | Items stopped fleeing you 35339 | -2/Research | Borebot progress halted 35346 | -2/Research | Found Prototype Processor 35351 | -2/Research | Identified Exp. Core Analyzer 35454 | -2/Research | Spotted Executioner 35455 | -2/Research | Spotted Striker 35465 | -2/Research | Destroyed Executioner 35471 | -2/Research | Found Prototype Processor 35471 | -2/Research | Identified Exp. Targeting Computer 35476 | -2/Research | Found Prototype Device 35476 | -2/Research | Identified Adv. Kinecellerator 35482 | -2/Research | Borebot progress halted 35623 | -2/Research | Destroyed 9 combat bots 35683 | -2/Research | X0-1V1 sent you to a vault 35687 | -2/Research | Found Prototype Device 35690 | -2/Research | Found Prototype Device 35692 | -2/Research | Identified Femtoactuators 35697 | -2/Research | Identified Exp. Cloaking Device 35748 | -2/Research | Found Prototype Launcher 35752 | -2/Research | Identified Tactical Quantum Warhead 35842 | -2/Research | Discovered new exit (range 7) 35859 | -2/Research | System corruption reached 10% 35988 | -2/Research | Identified exit to Testing 35988 | -2/Research | X0-1V1 revealed exit location to -2/Testing 36000 | -2/Research | Spotted Executioner 36000 | -2/Research | Spotted Striker 36003 | -2/Research | High security lockdown imminent 36014 | -2/Research | Destroyed Executioner 36082 | -2/Research | Found Exp. Core Analyzer 36083 | -2/Research | High security lockdown engaged 36141 | -2/Research | Warlord invited to help at Command 36141 | -2/Research | Given Cave Seal Controls access code 36275 | -2/Research | Spotted Striker 36279 | -2/Research | Destroyed Striker 36298 | -2/Research | Spotted Striker 36327 | -2/Research | Spotted Executioner 36328 | -2/Research | Build established: Scavenger-Construct 36328 | -2/Research | Spotted Striker 36329 | -2/Research | Destroyed Striker 36339 | -2/Research | Spotted Striker 36352 | -2/Research | Destroyed Executioner 36364 | -2/Research | X0-1V1 activates XOMVISION 36373 | -2/Research | Destroyed 10 combat bots 36521 | -2/Research | Spotted Executioner 36527 | -2/Research | Destroyed 7 combat bots 36529 | -2/Research | Destroyed Executioner 36675 | -2/Research | Destroyed 10 combat bots 36870 | -2/Research | Spotted Executioner 36874 | -2/Research | Destroyed Executioner 36893 | -2/Research | Lost 5 allies 36969 | -2/Research | Spotted Striker 36974 | -2/Research | Destroyed Striker 36977 | -2/Research | P-80 Master assimilated allied IW-GR1(K) 36980 | -2/Research | Spotted IW-GR1(K) 36982 | -2/Research | Destroyed IW-GR1(K) 37016 | -2/Research | X0-1V1 sent hostile G-67 Veteran (x3) 37136 | -2/Research | Spotted Executioner 37137 | -2/Research | Spotted Executioner 37171 | -2/Research | X0-1V1 activates XOMVISION 37184 | -2/Research | Discovered new exit (range 23) 37201 | -2/Research | Spotted Striker 37207 | -2/Research | Spotted Striker 37209 | -2/Research | Spotted Executioner 37209 | -2/Research | Destroyed Executioner 37213 | -2/Research | Spotted Executioner 37217 | -2/Research | Spotted Executioner 37218 | -2/Research | Destroyed Executioner 37219 | -2/Research | Spotted Striker 37224 | -2/Research | Destroyed Striker 37235 | -2/Research | Destroyed Striker 37236 | -2/Research | Destroyed Executioner 37252 | -2/Research | Lost 4 allies 37255 | -2/Research | Destroyed Striker 37276 | -2/Research | Destroyed 19 combat bots 37354 | -2/Research | Spotted Striker 37357 | -2/Research | Destroyed 13 combat bots 37369 | -2/Research | Destroyed Striker 37394 | -2/Research | Spotted Striker 37415 | -2/Research | Destroyed Striker 37439 | -2/Research | Destroyed 11 combat bots 37458 | -2/Research | Destroyed Investigator 37462 | -2/Research | Spotted Executioner 37463 | -2/Research | Spotted Executioner 37480 | -2/Research | Destroyed Executioner 37488 | -2/Research | Destroyed Executioner 37526 | -2/Research | Spotted Executioner 37526 | -2/Research | Spotted Executioner 37526 | -2/Research | Spotted Striker 37547 | -2/Research | Destroyed 14 combat bots 37553 | -2/Research | Destroyed Striker 37568 | -2/Research | Destroyed Executioner 37586 | -2/Research | Destroyed Executioner 37607 | -2/Research | Destroyed 10 combat bots 37608 | -2/Research | Destroyed Striker 37618 | -2/Research | Lost 8 allies 37667 | -2/Research | Found Corrupted Adv. Kinecellerator 37677 | -2/Research | Spotted Striker 37691 | -2/Research | Spotted Striker 37691 | -2/Research | Destroyed Striker 37698 | -2/Research | Spotted Striker 37703 | -2/Research | Destroyed N2-YFD(B) 37704 | -2/Research | Spotted Executioner 37709 | -2/Research | Destroyed Striker 37714 | -2/Research | Destroyed Executioner 37720 | -2/Research | Borebot progress halted 37752 | -2/Research | Destroyed 16 combat bots 37867 | -2/Research | Spotted Striker 37873 | -2/Research | Spotted Striker 37877 | -2/Research | Destroyed Striker 37886 | -2/Research | Destroyed Striker 37907 | -2/Research | Destroyed 10 combat bots 37937 | -2/Research | Weapon slot count temporarily expanded by X0-1V1 (+3) 37939 | -2/Research | X0-1V1 sent allied Mutant (x4) 37975 | -2/Research | Lost 3 allies 37986 | -2/Research | Spotted Striker 37986 | -2/Research | Spotted Executioner 37993 | -2/Research | Destroyed Executioner 37999 | -2/Research | Destroyed Striker 38048 | -2/Research | Destroyed 11 combat bots 38126 | -2/Research | X0-1V1 added 0b10 threat records associated with you (minor) 38131 | -2/Research | Spotted Executioner 38132 | -2/Research | Destroyed Executioner 38139 | -2/Research | Spotted Executioner 38142 | -2/Research | Destroyed Executioner 38278 | -2/Research | Weapon slot count reverted to normal (-3) 38280 | -2/Research | X0-1V1 added 0b10 threat records associated with you (minor) 38295 | -2/Research | Spotted Striker 38300 | -2/Research | Destroyed Striker 38343 | -2/Research | Destroyed Executioner 38354 | -2/Research | Destroyed Executioner 38361 | -2/Research | Spotted Striker 38365 | -2/Research | Destroyed Executioner 38373 | -2/Research | Destroyed Executioner 38407 | -2/Research | Destroyed 15 combat bots 38407 | -2/Research | Spotted Striker 38408 | -2/Research | Spotted Striker 38410 | -2/Research | Destroyed Striker 38411 | -2/Research | Spotted Striker 38420 | -2/Research | Destroyed Striker 38422 | -2/Research | Destroyed Striker 38422 | -2/Research | Spotted Striker 38429 | -2/Research | Destroyed Striker 38435 | -2/Research | Spotted Executioner 38437 | -2/Research | Destroyed Executioner 38469 | -2/Research | Spotted Executioner 38472 | -2/Research | Spotted Striker 38477 | -2/Research | Destroyed Executioner 38479 | -2/Research | Destroyed Striker 38508 | -2/Research | Destroyed 18 combat bots 38574 | -2/Research | Spotted Striker 38576 | -2/Research | Destroyed Striker 38587 | -2/Research | Destroyed 5U-X8U(K) 38624 | -2/Research | Lost 3 allies 38761 | -2/Research | Spotted Striker 38762 | -2/Research | Spotted Executioner 38762 | -2/Research | Destroyed Executioner 38778 | -2/Research | Destroyed Striker 38810 | -2/Research | Destroyed 8 combat bots 38847 | -2/Research | Spotted Striker 38852 | -2/Research | Spotted Executioner 38856 | -2/Research | Destroyed Executioner 38860 | -2/Research | Spotted Striker 38865 | -2/Research | Spotted Striker 38870 | -2/Research | Spotted Executioner 38870 | -2/Research | Spotted Executioner 38870 | -2/Research | Spotted Executioner 38879 | -2/Research | Entered Testing 38908 | -2/Testing | Lost 6 allies 38979 | -2/Testing | Spotted Superbehemoth 38985 | -2/Testing | Superbehemoth self-activated to run performance analysis 38994 | -2/Testing | Destroyed Superbehemoth 39013 | -2/Testing | Found Prototype Ballistic Cannon 39091 | -2/Testing | X0-1V1 enhanced Transport squad support 39109 | -2/Testing | Garrison activated, responded to threat 39129 | -2/Testing | First assault squad dispatched 39132 | -2/Testing | Spotted Striker 39133 | -2/Testing | Spotted Striker 39178 | -2/Testing | X0-1V1 caused items to flee you 39202 | -2/Testing | X0-1V1 added 0b10 threat records associated with you (major) 39204 | -2/Testing | Destroyed Striker 39207 | -2/Testing | Spotted Alpha 7 39211 | -2/Testing | High security lockdown imminent 39211 | -2/Testing | Destroyed Striker 39222 | -2/Testing | Destroyed Alpha 7 39291 | -2/Testing | High security lockdown engaged 39382 | -2/Testing | X0-1V1 added 0b10 threat records associated with you (minor) 39395 | -2/Testing | Items stopped fleeing you 39412 | -2/Testing | X0-1V1 announced a LAN party 39417 | -2/Testing | Found Prototype Processor 39417 | -2/Testing | Identified Exp. Target Analyzer 39483 | -2/Testing | Spotted Striker 39485 | -2/Testing | Destroyed Striker 39510 | -2/Testing | Destroyed 9 combat bots 39533 | -2/Testing | Spotted Executioner 39535 | -2/Testing | Destroyed Executioner 39601 | -2/Testing | Found Prototype Launcher 39601 | -2/Testing | Identified Containment Facilitator 39699 | -2/Testing | Weapon slot count temporarily expanded by X0-1V1 (+3) 39713 | -2/Testing | Destroyed Executioner 39734 | -2/Testing | Spotted Executioner 39734 | -2/Testing | Spotted Striker 39736 | -2/Testing | X0-1V1 whisked you away to safety 39746 | -2/Testing | X0-1V1 activates XOMVISION 39755 | -2/Testing | Destroyed 21 combat bots 39834 | -2/Testing | Destroyed 7 combat bots 39859 | -2/Testing | Destroyed Executioner 39865 | -2/Testing | Destroyed Striker 39913 | -2/Testing | Destroyed Executioner 39915 | -2/Testing | Spotted Striker 39917 | -2/Testing | Destroyed Striker 39917 | -2/Testing | Spotted Striker 39918 | -2/Testing | Spotted Striker 39924 | -2/Testing | Destroyed Striker 39941 | -2/Testing | Destroyed Striker 39996 | -2/Testing | Destroyed 19 combat bots 40005 | -2/Testing | Spotted Executioner 40005 | -2/Testing | Spotted Striker 40008 | -2/Testing | Destroyed Executioner 40013 | -2/Testing | Destroyed Striker 40040 | -2/Testing | Destroyed 7 combat bots 40060 | -2/Testing | Weapon slot count reverted to normal (-3) 40336 | -2/Testing | Spotted Investigator 40339 | -2/Testing | Destroyed Investigator 40367 | -2/Testing | Spotted Striker 40368 | -2/Testing | Destroyed Striker 40372 | -2/Testing | Spotted Striker 40376 | -2/Testing | Destroyed Striker 40383 | -2/Testing | Destroyed Striker 40404 | -2/Testing | Destroyed 12 combat bots 40415 | -2/Testing | Spotted Executioner 40418 | -2/Testing | Destroyed Executioner 40439 | -2/Testing | Spotted Executioner 40456 | -2/Testing | Destroyed Executioner 40467 | -2/Testing | Identified Transdimensional Reconstructor 40467 | -2/Testing | Warped through subspace 40479 | -2/Testing | Sterilization system engaged 40479 | -2/Testing | Non-combat units ordered to evacuate 40486 | -2/Testing | Destroyed 24 combat bots 40486 | -2/Testing | Core integrity fell below 50% 40523 | -2/Testing | Spotted Executioner 40523 | -2/Testing | Spotted Executioner 40533 | -2/Testing | X0-1V1 whisked you away to safety 40547 | -2/Testing | Lost 3 parts (2u1w) 40579 | -2/Testing | Combat units ordered to evacuate 40581 | -2/Testing | X0-1V1 sent you to a vault 40593 | -2/Testing | Discovered new exit (range 10) 40625 | -2/Testing | Found Prototype Ballistic Cannon 40625 | -2/Testing | Identified Omega Cannon 40718 | -2/Testing | Found Prototype Energy Cannon 40779 | -2/Testing | Ambient heat levels rising (+10) 40784 | -2/Testing | Lost 4 allies 40917 | -2/Testing | Found Quantum Capacitor 40929 | -2/Testing | Ambient heat levels rising (+10) 40951 | -2/Testing | Found Prototype Protection 41079 | -2/Testing | Ambient heat levels rising (+10) 41229 | -2/Testing | Ambient heat levels rising (+10) 41379 | -2/Testing | Ambient heat levels rising (+10) 41529 | -2/Testing | Ambient heat levels rising (+10) 41651 | -2/Testing | Spotted Fortress 41679 | -2/Testing | Ambient heat levels rising (+10) 41679 | -2/Testing | Core integrity restored by X0-1V1 (+357) 41773 | -2/Testing | Discovered new exit (range 6) 41773 | -2/Testing | Discovered new exit (range 6) 41779 | -2/Testing | Entered Protoforge 41830 | -2/Protoforge | Core integrity restored by X0-1V1 (+357) 41859 | -2/Protoforge | Identified SHELL Armor 41859 | -2/Protoforge | Identified Phase Armor 41859 | -2/Protoforge | Identified Dimensional Node Initializer 41861 | -2/Protoforge | Spotted Hotshot 41861 | -2/Protoforge | Spotted Hotshot 41861 | -2/Protoforge | Superfortress began startup sequence 41871 | -2/Protoforge | Spotted Hotshot 41873 | -2/Protoforge | Spotted Hotshot 41873 | -2/Protoforge | Destroyed Hotshot 41875 | -2/Protoforge | Spotted Hotshot 41876 | -2/Protoforge | Destroyed Hotshot 41880 | -2/Protoforge | Destroyed Hotshot 41882 | -2/Protoforge | Destroyed Hotshot 41884 | -2/Protoforge | Destroyed Hotshot 42029 | -2/Protoforge | First assault squad dispatched 42039 | -2/Protoforge | X0-1V1 activates XOMVISION 42041 | -2/Protoforge | Spotted Overlord 42135 | -2/Protoforge | Spotted B-90 Cyclops 42138 | -2/Protoforge | Destroyed 7 combat bots 42140 | -2/Protoforge | Destroyed B-90 Cyclops 42203 | -2/Protoforge | Weapon slot count temporarily expanded by X0-1V1 (+2) 42239 | -2/Protoforge | Destroyed 11 combat bots 42258 | -2/Protoforge | Lost 3 parts (2u1w) 42285 | -2/Protoforge | Destroyed Overlord 42391 | -2/Protoforge | Spotted Hotshot 42393 | -2/Protoforge | Spotted Hotshot 42394 | -2/Protoforge | Spotted Hotshot 42395 | -2/Protoforge | Spotted Hotshot 42397 | -2/Protoforge | Spotted Hotshot 42410 | -2/Protoforge | Destroyed Hotshot 42412 | -2/Protoforge | Destroyed Hotshot 42417 | -2/Protoforge | Destroyed Hotshot 42419 | -2/Protoforge | Destroyed Hotshot 42423 | -2/Protoforge | Destroyed Hotshot 42458 | -2/Protoforge | Destroyed 10 combat bots 42581 | -2/Protoforge | Destroyed 12 combat bots 42605 | -2/Protoforge | Discovered new exit (range 8) 42612 | -2/Protoforge | X0-1V1 caused items to flee you 42644 | -2/Protoforge | Initialized slip node 42742 | -2/Protoforge | Additional patrols dispatched to research labs 42838 | -2/Protoforge | Items stopped fleeing you 42895 | -2/Protoforge | Weapon slot count reverted to normal (-2) 42910 | -2/Protoforge | Spotted Immortal 42910 | -2/Protoforge | Spotted Immortal 42924 | -2/Protoforge | Destroyed Immortal 43018 | -2/Protoforge | Destroyed Immortal 43046 | -2/Protoforge | Destroyed 9 combat bots 43149 | -2/Protoforge | Destroyed 20 combat bots 43149 | -2/Protoforge | Spotted Decapitator 43149 | -2/Protoforge | Spotted Decapitator 43151 | -2/Protoforge | Spotted Decapitator 43151 | -2/Protoforge | Spotted Decapitator 43153 | -2/Protoforge | Destroyed Decapitator 43156 | -2/Protoforge | Destroyed Decapitator 43158 | -2/Protoforge | Destroyed Decapitator 43164 | -2/Protoforge | Destroyed Decapitator 43191 | -2/Protoforge | Spotted Immortal 43191 | -2/Protoforge | Spotted Immortal 43195 | -2/Protoforge | Spotted Immortal 43210 | -2/Protoforge | Found Prototype Device 43225 | -2/Protoforge | Spotted Hotshot 43225 | -2/Protoforge | Spotted Hotshot 43225 | -2/Protoforge | Spotted Hotshot 43233 | -2/Protoforge | Spotted Hotshot 43243 | -2/Protoforge | Destroyed Hotshot 43243 | -2/Protoforge | Destroyed Hotshot 43248 | -2/Protoforge | Weapon slot count temporarily expanded by X0-1V1 (+1) 43252 | -2/Protoforge | Destroyed Hotshot 43256 | -2/Protoforge | Destroyed Hotshot 43272 | -2/Protoforge | Destroyed Immortal 43307 | -2/Protoforge | Garrison activated, responded to threat 43342 | -2/Protoforge | Identified Sigix Broadsword 43343 | -2/Protoforge | Destroyed 7 combat bots 43413 | -2/Protoforge | Destroyed 10 combat bots 43417 | -2/Protoforge | Found Prototype Protection 43417 | -2/Protoforge | Identified Cep. Core Shell 43434 | -2/Protoforge | Found Faulty Cep. Energy Mantle 43448 | -2/Protoforge | Found Cep. Energy Mantle 43449 | -2/Protoforge | Identified Crosscalibrator 43585 | -2/Protoforge | X0-1V1 sent you to a vault 43601 | -2/Protoforge | Found Prototype Energy Cannon 43601 | -2/Protoforge | Identified YOLO Cannon 43607 | -2/Protoforge | Identified Hpw. Disruptor Cannon 43618 | -2/Protoforge | Found Prototype Device 43619 | -2/Protoforge | Identified Exp. Sensor Array 43803 | -2/Protoforge | X0-1V1 sent allied Y-72 Warden (x2) 43900 | -2/Protoforge | Destroyed 21 combat bots 43906 | -2/Protoforge | Build established: Gunner 44005 | -2/Protoforge | System corruption reached 30% 44023 | -2/Protoforge | Weapon slot count reverted to normal (-1) 44033 | -2/Protoforge | Found Prototype Device 44036 | -2/Protoforge | Identified Cep. Phase Shift Module 44036 | -2/Protoforge | Found Prototype Processor 44060 | -2/Protoforge | Identified Cep. Projectile Intercept Suite 44126 | -2/Protoforge | X0-1V1 sent allied Striker (x2) 44200 | -2/Protoforge | Destroyed 14 combat bots 44239 | -2/Protoforge | Found Cep. Tactical Fusion Warhead 44254 | -2/Protoforge | Spotted V543-k 44265 | -2/Protoforge | Destroyed V543-k 44299 | -2/Protoforge | Found Cep. Tiamat Rocket Array 44388 | -2/Protoforge | Destroyed 18 combat bots 44452 | -2/Protoforge | Destroyed Immortal 44462 | -2/Protoforge | Destroyed Immortal 44548 | -2/Protoforge | X0-1V1 sent allied Lightning (x2) 44553 | -2/Protoforge | Destroyed Lightning 44578 | -2/Protoforge | Destroyed 9 combat bots 44582 | -2/Protoforge | Build established: Construct 44631 | -2/Protoforge | Spotted V666-h 44631 | -2/Protoforge | Spotted V678-l 44631 | -2/Protoforge | Spotted V238-i 44634 | -2/Protoforge | Spotted V371-i 44635 | -2/Protoforge | X0-1V1 downgraded hostiles (x6) 44657 | -2/Protoforge | X0-1V1 sent allied H-77 Assassin (x3) 44665 | -2/Protoforge | Destroyed V238-i 44672 | -2/Protoforge | Allies destroyed V678-l 44680 | -2/Protoforge | Destroyed V371-i 44695 | -2/Protoforge | Used Subatomic Replicator to replicate Cep. Tactical Fusion Warhead 44701 | -2/Protoforge | Destroyed 10 combat bots 44779 | -2/Protoforge | Lost 3 allies 45023 | -2/Protoforge | Destroyed 14 combat bots 45135 | -2/Protoforge | Forge Plexus network access discovered 45214 | -2/Protoforge | Destroyed 29 combat bots 45247 | -2/Protoforge | Core integrity restored by X0-1V1 (+390) 45297 | -2/Protoforge | Spotted Decapitator 45297 | -2/Protoforge | Spotted Decapitator 45297 | -2/Protoforge | Spotted V277-i 45297 | -2/Protoforge | Spotted V895-j 45319 | -2/Protoforge | Spotted Decapitator 45324 | -2/Protoforge | Destroyed Decapitator 45324 | -2/Protoforge | Destroyed Decapitator 45324 | -2/Protoforge | Destroyed Decapitator 45328 | -2/Protoforge | Destroyed V895-j 45484 | -2/Protoforge | Destroyed 14 combat bots 45828 | -2/Protoforge | Build established: Scavenger-Construct 45867 | -2/Protoforge | Found Faulty Cep. Plasma Driver 45875 | -2/Protoforge | Found Cep. Variable Chargecaster 45931 | -2/Protoforge | High security lockdown imminent 45941 | -2/Protoforge | X0-1V1 put everyone to sleep 45962 | -2/Protoforge | Destroyed 20 combat bots 45978 | -2/Protoforge | Found Containment Facilitator 45979 | -2/Protoforge | Found Faulty Cep. Plasma Driver 45981 | -2/Protoforge | Found Faulty Cep. Helical Railcannon 46009 | -2/Protoforge | Spotted Decapitator 46011 | -2/Protoforge | High security lockdown engaged 46011 | -2/Protoforge | Spotted Decapitator 46075 | -2/Protoforge | Spotted V808-k 46087 | -2/Protoforge | Found Cep. Chromion Battery 46091 | -2/Protoforge | Found Cep. NT7 Matterbank 46095 | -2/Protoforge | Spotted V737-v 46097 | -2/Protoforge | Spotted V035-d 46098 | -2/Protoforge | Destroyed V737-v 46100 | -2/Protoforge | Destroyed V035-d 46119 | -2/Protoforge | Destroyed V808-k 46122 | -2/Protoforge | Found Cep. Matter Streamer 46124 | -2/Protoforge | Found Prototype Device 46124 | -2/Protoforge | Identified Cep. Antimissile System 46140 | -2/Protoforge | Destroyed 7 combat bots 46142 | -2/Protoforge | Found Cep. Antigrav Storage Unit 46148 | -2/Protoforge | X0-1V1 activates XOMVISION 46261 | -2/Protoforge | Destroyed 18 combat bots 46272 | -2/Protoforge | Spotted Striker 46277 | -2/Protoforge | Destroyed Striker 46280 | -2/Protoforge | Spotted Investigator 46281 | -2/Protoforge | Destroyed Investigator 46323 | -2/Protoforge | Destroyed 18 combat bots 46352 | -2/Protoforge | Destroyed Decapitator 46352 | -2/Protoforge | Destroyed Decapitator 46369 | -2/Protoforge | Spotted V641-z 46371 | -2/Protoforge | Destroyed V641-z 46378 | -2/Protoforge | Found Cep. Networked Targeting System 46387 | -2/Protoforge | Found Exp. Kinecellerator 46393 | -2/Protoforge | Spotted V403-s 46393 | -2/Protoforge | Spotted V576-a 46403 | -2/Protoforge | Destroyed V576-a 46428 | -2/Protoforge | Destroyed V403-s 46434 | -2/Protoforge | Spotted V798-j 46438 | -2/Protoforge | Found Prototype Device 46438 | -2/Protoforge | Identified Exp. Thermal Defense Suite 46441 | -2/Protoforge | Found Prototype Processor 46441 | -2/Protoforge | Identified Spectral Analyzer 46487 | -2/Protoforge | Destroyed V798-j 46495 | -2/Protoforge | X0-1V1 woke everyone up 46506 | -2/Protoforge | Destroyed Investigator 46536 | -2/Protoforge | Destroyed 9 combat bots 46549 | -2/Protoforge | Spotted Striker 46566 | -2/Protoforge | Build established: Construct 46576 | -2/Protoforge | Destroyed 10 combat bots 46576 | -2/Protoforge | Destroyed Striker 46714 | -2/Protoforge | Destroyed 8 combat bots 46742 | -2/Protoforge | Found Cep. Zero-point Core 46754 | -2/Protoforge | Core integrity restored by X0-1V1 (+292) 46756 | -2/Protoforge | Spotted Executioner 46766 | -2/Protoforge | Destroyed Executioner 46786 | -2/Protoforge | Spotted AP7-3 46786 | -2/Protoforge | Spotted AP7-3 46786 | -2/Protoforge | X0-1V1 sent you into danger 46801 | -2/Protoforge | Destroyed AP7-3 46817 | -2/Protoforge | Destroyed AP7-3 46823 | -2/Protoforge | X0-1V1 announced a LAN party 46838 | -2/Protoforge | Destroyed 18 combat bots 46855 | -2/Protoforge | Found Faulty Cep. Thermoelectric Network 46858 | -2/Protoforge | Found Faulty Cep. Thermoelectric Network 46966 | -2/Protoforge | Destroyed Executioner 46972 | -2/Protoforge | Spotted Investigator 46972 | -2/Protoforge | Scanned by Researcher 46974 | -2/Protoforge | Destroyed Investigator 47013 | -2/Protoforge | Destroyed 30 combat bots 47055 | -2/Protoforge | Destroyed 10 combat bots 47076 | -2/Protoforge | Destroyed Investigator 47078 | -2/Protoforge | Destroyed Executioner 47082 | -2/Protoforge | Destroyed Executioner 47088 | -2/Protoforge | Weapon slot count temporarily expanded by X0-1V1 (+1) 47088 | -2/Protoforge | Spotted Executioner 47094 | -2/Protoforge | X0-1V1 sent allied Lightning (x1) 47098 | -2/Protoforge | Allies destroyed Executioner 47156 | -2/Protoforge | Destroyed 17 combat bots 47253 | -2/Protoforge | Found Transdimensional Reconstructor 47320 | -2/Protoforge | Spotted Striker 47323 | -2/Protoforge | Spotted Striker 47328 | -2/Protoforge | Spotted Striker 47330 | -2/Protoforge | Destroyed Executioner 47332 | -2/Protoforge | Destroyed Striker 47334 | -2/Protoforge | Destroyed Striker 47342 | -2/Protoforge | Destroyed Striker 47363 | -2/Protoforge | Destroyed 25 combat bots 47365 | -2/Protoforge | Build established: Executioner 47391 | -2/Protoforge | Destroyed Executioner 47412 | -2/Protoforge | Destroyed 21 combat bots 47563 | -2/Protoforge | Spotted Striker 47564 | -2/Protoforge | Spotted Striker 47566 | -2/Protoforge | Spotted Striker 47570 | -2/Protoforge | Destroyed Striker 47570 | -2/Protoforge | Destroyed Striker 47570 | -2/Protoforge | Spotted Executioner 47573 | -2/Protoforge | Spotted Executioner 47574 | -2/Protoforge | Destroyed Executioner 47574 | -2/Protoforge | Destroyed Striker 47574 | -2/Protoforge | Destroyed Executioner 47574 | -2/Protoforge | Destroyed Executioner 47581 | -2/Protoforge | Destroyed Executioner 47582 | -2/Protoforge | Spotted Executioner 47585 | -2/Protoforge | Destroyed Executioner 47594 | -2/Protoforge | Destroyed Executioner 47615 | -2/Protoforge | Destroyed 54 combat bots 47710 | -2/Protoforge | Core integrity restored by X0-1V1 (+390) 47748 | -2/Protoforge | Spotted Executioner 47752 | -2/Protoforge | Destroyed Executioner 47840 | -2/Protoforge | X0-1V1 vaporized surrounding terrain (radius 21) 47842 | -2/Protoforge | Weapon slot count reverted to normal (-1) 47934 | -2/Protoforge | Spotted Executioner 47934 | -2/Protoforge | Spotted Striker 47935 | -2/Protoforge | Warped through subspace to slip node 47956 | -2/Protoforge | Build established: Construct 47959 | -2/Protoforge | Entered Access 47959 | -1/Access | Evolved 2 slots: Utility x1, Weapon x1 48064 | -1/Access | Found Prototype Launcher 48064 | -1/Access | Identified Com. Tesla Bomb Launcher 48068 | -1/Access | Found Com. Tesla Bomb Launcher 48071 | -1/Access | Found Com. Tesla Bomb Launcher 48165 | -1/Access | High security lockdown imminent 48245 | -1/Access | High security lockdown engaged 48260 | -1/Access | Lost 9 allies 48390 | -1/Access | Spotted Striker 48390 | -1/Access | Spotted Executioner 48392 | -1/Access | Garrison activated, responded to threat 48394 | -1/Access | Destroyed Executioner 48415 | -1/Access | Destroyed 12 combat bots 48420 | -1/Access | Destroyed Striker 48481 | -1/Access | Spotted Executioner 48483 | -1/Access | Destroyed Executioner 48487 | -1/Access | Spotted Executioner 48487 | -1/Access | Spotted Striker 48487 | -1/Access | Spotted Striker 48491 | -1/Access | Spotted Investigator 48493 | -1/Access | Destroyed Investigator 48498 | -1/Access | Destroyed Executioner 48500 | -1/Access | Destroyed Striker 48525 | -1/Access | Destroyed 17 combat bots 48560 | -1/Access | Spotted Striker 48560 | -1/Access | Spotted Striker 48562 | -1/Access | Destroyed Striker 48566 | -1/Access | Destroyed Striker 48574 | -1/Access | X0-1V1 destroyed Energy Cycler 48574 | -1/Access | Energy Cycler disabled 48610 | -1/Access | Destroyed 12 combat bots 48638 | -1/Access | Spotted Investigator 48641 | -1/Access | Destroyed Striker 48645 | -1/Access | Destroyed Investigator 48685 | -1/Access | Destroyed 13 combat bots 48758 | -1/Access | Spotted Executioner 48758 | -1/Access | Spotted Executioner 48758 | -1/Access | Spotted Executioner 48761 | -1/Access | Destroyed Investigator 48761 | -1/Access | Destroyed Executioner 48769 | -1/Access | Destroyed Executioner 48771 | -1/Access | Destroyed Executioner 48795 | -1/Access | Destroyed 8 combat bots 48830 | -1/Access | Spotted Striker 48830 | -1/Access | Spotted Striker 48830 | -1/Access | Spotted Striker 48830 | -1/Access | Spotted Executioner 48830 | -1/Access | Spotted Executioner 48840 | -1/Access | Destroyed Executioner 48840 | -1/Access | Destroyed Striker 48842 | -1/Access | Destroyed Executioner 48844 | -1/Access | Destroyed Striker 48844 | -1/Access | Spotted Executioner 48845 | -1/Access | Destroyed Striker 48847 | -1/Access | Destroyed Executioner 48872 | -1/Access | Destroyed 15 combat bots 48987 | -1/Access | Spotted Executioner 48990 | -1/Access | Destroyed Executioner 48998 | -1/Access | Destroyed Executioner 49028 | -1/Access | Destroyed 8 combat bots 49062 | -1/Access | Identified exit to Surface 49062 | -1/Access | X0-1V1 revealed exit location to -0/Surface 49075 | -1/Access | Spotted Striker 49075 | -1/Access | Spotted Executioner 49075 | -1/Access | Spotted Executioner 49082 | -1/Access | Destroyed Executioner 49084 | -1/Access | Destroyed Striker 49086 | -1/Access | Destroyed Executioner 49105 | -1/Access | Spotted Executioner 49105 | -1/Access | Destroyed Executioner 49108 | -1/Access | System corruption reached 10% 49123 | -1/Access | X0-1V1 whisked you away to safety 49136 | -1/Access | Destroyed 9 combat bots 49404 | -1/Access | Found Launcher Loader 49407 | -1/Access | Spotted Striker 49412 | -1/Access | Destroyed Striker 49423 | -1/Access | Spotted Executioner 49423 | -1/Access | Spotted Executioner 49424 | -1/Access | Destroyed Executioner 49428 | -1/Access | Spotted Executioner 49428 | -1/Access | Spotted Executioner 49428 | -1/Access | Destroyed Executioner 49431 | -1/Access | Destroyed Executioner 49433 | -1/Access | Destroyed Executioner 49458 | -1/Access | Weapon slot count temporarily expanded by X0-1V1 (+1) 49471 | -1/Access | X0-1V1 activates XOMVISION 49480 | -1/Access | Destroyed 43 combat bots 49487 | -1/Access | Spotted Investigator 49487 | -1/Access | Destroyed Investigator 49537 | -1/Access | Destroyed 9 combat bots 49713 | -1/Access | Destroyed Striker 49736 | -1/Access | Build established: Executioner 49755 | -1/Access | Destroyed 14 combat bots 49757 | -1/Access | Spotted Executioner 49757 | -1/Access | Spotted Striker 49762 | -1/Access | Spotted Executioner 49767 | -1/Access | Spotted Executioner 49767 | -1/Access | Spotted Striker 49767 | -1/Access | Spotted Striker 49767 | -1/Access | Destroyed Striker 49768 | -1/Access | Spotted Striker 49770 | -1/Access | Destroyed Executioner 49770 | -1/Access | Destroyed Executioner 49771 | -1/Access | Spotted Striker 49772 | -1/Access | Destroyed Executioner 49773 | -1/Access | Destroyed Striker 49773 | -1/Access | Destroyed Striker 49774 | -1/Access | Destroyed Striker 49774 | -1/Access | Destroyed Executioner 49775 | -1/Access | Destroyed Striker 49776 | -1/Access | Spotted Executioner 49776 | -1/Access | Spotted Executioner 49778 | -1/Access | Spotted Executioner 49781 | -1/Access | Spotted Executioner 49782 | -1/Access | Spotted B-99 Colossus 49783 | -1/Access | Destroyed Executioner 49789 | -1/Access | Destroyed Executioner 49810 | -1/Access | X0-1V1 turns hostiles against one another 49810 | -1/Access | Destroyed 34 combat bots 49813 | -1/Access | Destroyed Executioner 49838 | -1/Access | Spotted Executioner 49840 | -1/Access | Destroyed Executioner 49888 | -1/Access | Destroyed 7 combat bots 49930 | -1/Access | X0-1V1 put everyone to sleep 49988 | -1/Access | Weapon slot count reverted to normal (-1) 50069 | -1/Access | Spotted Striker 50069 | -1/Access | Destroyed Striker 50071 | -1/Access | Spotted Striker 50075 | -1/Access | Destroyed Striker 50076 | -1/Access | Spotted Striker 50079 | -1/Access | Destroyed Striker 50102 | -1/Access | Destroyed 11 combat bots 50167 | -1/Access | Spotted Executioner 50170 | -1/Access | Spotted Striker 50172 | -1/Access | Destroyed Striker 50175 | -1/Access | Destroyed Striker 50181 | -1/Access | X0-1V1 turns hostiles against one another 50182 | -1/Access | Destroyed Executioner 50185 | -1/Access | Spotted Executioner 50185 | -1/Access | Spotted Executioner 50188 | -1/Access | Destroyed Executioner 50194 | -1/Access | Sterilization system engaged 50195 | -1/Access | Destroyed Executioner 50218 | -1/Access | Spotted Executioner 50218 | -1/Access | Spotted Executioner 50223 | -1/Access | X0-1V1 sent allied Quarantine Guard (x2) 50224 | -1/Access | Destroyed Executioner 50227 | -1/Access | Allies destroyed Executioner 50245 | -1/Access | Destroyed 32 combat bots 50289 | -1/Access | Build established: Construct 50417 | -1/Access | Destroyed 8 combat bots 50444 | -1/Access | Spotted Striker 50444 | -1/Access | Spotted Striker 50449 | -1/Access | Spotted Striker 50449 | -1/Access | Destroyed Striker 50451 | -1/Access | Destroyed Striker 50453 | -1/Access | Destroyed Striker 50494 | -1/Access | Ambient heat levels rising (+10) 50644 | -1/Access | Ambient heat levels rising (+10) 50654 | -1/Access | Build established: Scavenger-Construct 50753 | -1/Access | Spotted Executioner 50787 | -1/Access | X0-1V1 woke everyone up 50794 | -1/Access | Ambient heat levels rising (+10) 50843 | -1/Access | Spotted Striker 50855 | -1/Access | Identified Core Cannon 50862 | -1/Access | Destroyed 11 combat bots 50863 | -1/Access | Destroyed Striker 50883 | -1/Access | X0-1V1 sent allied H-77 Assassin (x4) 50944 | -1/Access | Ambient heat levels rising (+10) 50977 | -1/Access | Lost 4 allies 51006 | -1/Access | Destroyed 10 combat bots 51087 | -1/Access | Identified exit to Command 51087 | -1/Access | X0-1V1 revealed exit location to -1/Command 51094 | -1/Access | Ambient heat levels rising (+10) 51103 | -1/Access | Core integrity fell below 50% 51105 | -1/Access | Weapon slot count temporarily expanded by X0-1V1 (+1) 51244 | -1/Access | Ambient heat levels rising (+10) 51389 | -1/Access | Found Prototype Device 51389 | -1/Access | Identified Exp. Thermal Shield 51394 | -1/Access | Ambient heat levels rising (+10) 51403 | -1/Access | Spotted B-99 Colossus 51418 | -1/Access | Weapon slot count reverted to normal (-1) 51485 | -1/Access | Spotted B-99 Colossus 51491 | -1/Access | Destroyed B-99 Colossus 51505 | -1/Access | Found Prototype Ballistic Gun 51508 | -1/Access | Found Prototype Ballistic Gun 51532 | -1/Access | Destroyed B-99 Colossus 51544 | -1/Access | Ambient heat levels rising (+10) 51633 | -1/Access | X0-1V1 sent you to a vault 51694 | -1/Access | Ambient heat levels rising (+10) 51844 | -1/Access | Ambient heat levels rising (+10) 51851 | -1/Access | Entered Command 51939 | -1/Command | X0-1V1 vaporized surrounding terrain (radius 18) 51939 | -1/Command | Spotted Executioner 51940 | -1/Command | Spotted Executioner 51964 | -1/Command | Destroyed Executioner 51972 | -1/Command | High security lockdown imminent 52000 | -1/Command | Found Exp. Core Analyzer 52006 | -1/Command | Found Exp. Targeting Computer 52017 | -1/Command | Core integrity restored by X0-1V1 (+479) 52052 | -1/Command | High security lockdown engaged 52248 | -1/Command | X0-1V1 activates XOMVISION 52256 | -1/Command | X0-1V1 revealed exit location to -0/Surface 52352 | -1/Command | X0-1V1 sent you to a vault 52429 | -1/Command | Spotted Striker 52431 | -1/Command | Spotted Executioner 52435 | -1/Command | Spotted Executioner 52435 | -1/Command | Spotted Executioner 52435 | -1/Command | Destroyed Striker 52438 | -1/Command | Destroyed Executioner 52443 | -1/Command | Spotted Investigator 52451 | -1/Command | X0-1V1 whisked you away to safety 52464 | -1/Command | Lost 3 allies 52469 | -1/Command | Destroyed 13 combat bots 52528 | -1/Command | Destroyed Executioner 52530 | -1/Command | Destroyed Executioner 52620 | -1/Command | Destroyed Investigator 52756 | -1/Command | System corruption reached 30% 52768 | -1/Command | Spotted Investigator 52789 | -1/Command | Spotted Striker 52789 | -1/Command | Spotted Executioner 52804 | -1/Command | Spotted Striker 52808 | -1/Command | X0-1V1 sent allied B-99 Colossus (x3) 52817 | -1/Command | Destroyed Executioner 52824 | -1/Command | Spotted Executioner 52825 | -1/Command | Allies destroyed Striker 52825 | -1/Command | Allies destroyed Striker 52837 | -1/Command | Allies destroyed Investigator 52840 | -1/Command | Spotted Executioner 52853 | -1/Command | Destroyed 9 combat bots 52857 | -1/Command | Phase Generator disabled 52864 | -1/Command | Allies destroyed Executioner 52881 | -1/Command | Identified Multirail 52883 | -1/Command | Destroyed B-99 Colossus 52887 | -1/Command | Spotted Striker 52888 | -1/Command | Spotted Executioner 52888 | -1/Command | Spotted Executioner 52888 | -1/Command | Spotted Striker 52888 | -1/Command | Spotted Striker 52889 | -1/Command | Spotted Striker 52889 | -1/Command | Spotted Executioner 52893 | -1/Command | Destroyed Executioner 52893 | -1/Command | Destroyed Executioner 52893 | -1/Command | Destroyed Striker 52897 | -1/Command | Destroyed Striker 52909 | -1/Command | Destroyed Striker 52909 | -1/Command | Destroyed Striker 52920 | -1/Command | Destroyed Executioner 52926 | -1/Command | Lost 3 allies 52940 | -1/Command | Spotted Striker 52940 | -1/Command | Spotted Striker 52942 | -1/Command | Destroyed Striker 52942 | -1/Command | Destroyed Striker 52958 | -1/Command | Spotted Executioner 52958 | -1/Command | Spotted Striker 52958 | -1/Command | Spotted Executioner 52958 | -1/Command | Destroyed Executioner 52962 | -1/Command | Destroyed Executioner 52967 | -1/Command | Destroyed Striker 53017 | -1/Command | Destroyed 71 combat bots 53066 | -1/Command | Destroyed 7 combat bots 53115 | -1/Command | Spotted Striker 53117 | -1/Command | Spotted Striker 53117 | -1/Command | Destroyed Striker 53119 | -1/Command | Destroyed Striker 53140 | -1/Command | Core integrity restored by X0-1V1 (+390) 53355 | -1/Command | Spotted Investigator 53379 | -1/Command | Destroyed Investigator 53405 | -1/Command | X0-1V1 revealed exit location to -0/Surface 53411 | -1/Command | Spotted Striker 53411 | -1/Command | Spotted Executioner 53418 | -1/Command | Destroyed Striker 53435 | -1/Command | Destroyed Executioner 53525 | -1/Command | X0-1V1 activates XOMVISION 53588 | -1/Command | X0-1V1 sent hostile H-88 Terminator (x3) 54047 | -1/Command | X0-1V1 sent hostile Wasp (x3) 54181 | -1/Command | Identified exit to Access_0 54181 | -1/Command | X0-1V1 revealed exit location to -1/Access_0 54453 | -1/Command | X0-1V1 activates XOMVISION 54611 | -1/Command | X0-1V1 sent hostile Wasp (x2) 54664 | -1/Command | Spotted B-99 Colossus 54689 | -1/Command | Destroyed B-99 Colossus 55423 | -1/Command | X0-1V1 activates XOMVISION 56087 | -1/Command | Found Unknown Device 56087 | -1/Command | Identified Heavy Servo Lattice 56537 | -1/Command | X0-1V1 mutated your Utility slot to Weapon slot 56763 | -1/Command | X0-1V1 caused items to flee you 56801 | -1/Command | X0-1V1 sent hostile B-90 Cyclops (x1) 56803 | -1/Command | Spotted B-90 Cyclops 56838 | -1/Command | Destroyed B-90 Cyclops 56898 | -1/Command | X0-1V1 sent hostile H-88 Terminator (x3) 57004 | -1/Command | Items stopped fleeing you 57363 | -1/Command | X0-1V1 mutated your Weapon slot to Propulsion slot 57480 | -1/Command | Spotted Alpha 7 57499 | -1/Command | Spotted Striker 57499 | -1/Command | Spotted Executioner 57501 | -1/Command | Spotted B-99 Colossus 57504 | -1/Command | Spotted Executioner 57505 | -1/Command | Spotted Executioner 57513 | -1/Command | Destroyed Striker 57515 | -1/Command | Destroyed Executioner 57519 | -1/Command | Destroyed Executioner 57525 | -1/Command | Destroyed Alpha 7 57562 | -1/Command | Spotted Executioner 57562 | -1/Command | Spotted Striker 57570 | -1/Command | Destroyed Striker 57572 | -1/Command | Destroyed Executioner 57574 | -1/Command | Destroyed Executioner 57574 | -1/Command | Spotted Alpha 7 57579 | -1/Command | Destroyed Alpha 7 57584 | -1/Command | Core integrity restored by X0-1V1 (+390) 57591 | -1/Command | Destroyed B-99 Colossus 57622 | -1/Command | Spotted B-99 Colossus 57634 | -1/Command | Destroyed B-99 Colossus 58097 | -1/Command | X0-1V1 activates XOMVISION 58100 | -1/Command | Spotted M Guard 58100 | -1/Command | Spotted M Guard 58102 | -1/Command | Spotted Combat Programmer 58102 | -1/Command | Spotted Combat Programmer 58625 | -1/Command | X0-1V1 mutated your Propulsion slot to Utility slot 58694 | -1/Command | Found Exp. Core Analyzer 58833 | -1/Command | Destroyed Combat Programmer 58847 | -1/Command | Weapon slot count temporarily expanded by X0-1V1 (+1) 58927 | -1/Command | Destroyed M Guard 58957 | -1/Command | Destroyed M Guard 59006 | -1/Command | Found Prototype Device 59006 | -1/Command | Identified AEGIS Remote Shield 59009 | -1/Command | Found Prototype Launcher 59009 | -1/Command | Identified Adv. Micro-nuke Launcher 59078 | -1/Command | Destroyed Combat Programmer 59078 | -1/Command | All MAIN.C guards destroyed 59251 | -1/Command | Weapon slot count reverted to normal (-1) 59406 | -1/Command | X0-1V1 activates XOMVISION 59594 | -1/Command | Destroyed 7 combat bots 59876 | -1/Command | Destroyed 34 combat bots 59994 | -1/Command | Destroyed 13 combat bots 60114 | -1/Command | Destroyed 7 combat bots 60181 | -1/Command | Found Fusion Bomb Launcher 60210 | -1/Command | Destroyed 15 combat bots 60222 | -1/Command | Found Corrupted Fusion Bomb Launcher 60308 | -1/Command | Destroyed 10 combat bots 60312 | -1/Command | X0-1V1 activates XOMVISION 60594 | -1/Command | Found Adv. Kinecellerator 60869 | -1/Command | X0-1V1 sent hostile P-80 Master (x2) 61259 | -1/Command | Destroyed 9 combat bots 61392 | -1/Command | Destroyed 8 combat bots 61716 | -1/Command | Destroyed 10 combat bots 62336 | -1/Command | Destroyed 10 combat bots 62393 | -1/Command | Build established: Construct 62961 | -1/Command | X0-1V1 vaporized surrounding terrain (radius 24) 62998 | -1/Command | X0-1V1 sent hostile Guerrilla (x2) 63017 | -1/Command | X0-1V1 mutated your Utility slot to Weapon slot 63033 | -1/Command | X0-1V1 vaporized surrounding terrain (radius 19) 63083 | -1/Command | X0-1V1 sent hostile X-87 Electro (x3) 63117 | -1/Command | X0-1V1 activates XOMVISION 63125 | -1/Command | X0-1V1 vaporized surrounding terrain (radius 19) 63158 | -1/Command | X0-1V1 sent hostile Guerrilla (x1) 63173 | -1/Command | X0-1V1 mutated your Weapon slot to Utility slot 63191 | -1/Command | X0-1V1 vaporized surrounding terrain (radius 19) 63202 | -1/Command | X0-1V1 tapped a No Entrance sign 63220 | -1/Command | X0-1V1 sent hostile Y-72 Warden (x1) 63281 | -1/Command | Build established: Scavenger-Construct 63309 | -1/Command | X0-1V1 vaporized surrounding terrain (radius 19) 63379 | -1/Command | X0-1V1 activates XOMVISION 63455 | -1/Command | X0-1V1 vaporized surrounding terrain (radius 16) 63486 | -1/Command | X0-1V1 sent hostile Wasp (x2) 63544 | -1/Command | X0-1V1 vaporized surrounding terrain (radius 16) 63568 | -1/Command | X0-1V1 sent hostile Butcher (x2) 63654 | -1/Command | X0-1V1 sent hostile S-43 Plague (x5) 63747 | -1/Command | Identified Sigix Terminator 63750 | -1/Command | Fired Sigix Terminator 63750 | -1/Command | MAIN.C activated Command garrisons 63771 | -1/Command | Destroyed 171 combat bots 64636 | -1/Command | Found Prototype Launcher 64636 | -1/Command | Identified Smartbomb Launcher 65082 | -1/Command | X0-1V1 activates XOMVISION 65213 | -1/Command | Met MAIN.C 65234 | -1/Command | 0b10 Conduit disabled 65241 | -1/Command | Destroyed MAIN.C Shell 65263 | -1/Command | Destroyed MAIN.C 65291 | -1/Command | Discovered exit to Surface (range 47) 65291 | -1/Command | Extracted map data and part IDs from MAIN.C's data core 65317 | -1/Command | Spotted B-99 Colossus 65319 | -1/Command | Destroyed B-99 Colossus 65436 | -1/Command | Destroyed 9 combat bots 65656 | -1/Command | Found Exp. System Purifier 65706 | -1/Command | Found Vortex Chain Reactor 66366 | -1/Command | Found Corrupted Multirail 66370 | -1/Command | Found Corrupted Multirail 66504 | -1/Command | Found Adv. Kinecellerator 66507 | -1/Command | Found Exp. Core Analyzer 67334 | -1/Command | Found Centrium Heavy Armor Plating 67355 | -1/Command | Build established: Construct 67385 | -1/Command | Found Exp. Targeting Computer 67389 | -1/Command | Found AEGIS Remote Shield 67530 | -1/Command | Crushed by falling debris 67530 | -1/Command | Crushed by falling debris 67542 | -1/Command | Crushed by falling debris 67592 | -1/Command | Entered Access_0 67593 | -1/Access_0 | Architect warped through subspace 67598 | -1/Access_0 | Destroyed A8 67700 | -1/Access_0 | Architect warped through subspace 67728 | -1/Access_0 | Subspace Access Node disabled 67739 | -1/Access_0 | Architect warped through subspace 67740 | -1/Access_0 | X0-1V1 activates XOMVISION 67777 | -1/Access_0 | Architect warped through subspace 67844 | -1/Access_0 | Architect warped through subspace 67855 | -1/Access_0 | A6 warped into view 67860 | -1/Access_0 | Destroyed A6 67879 | -1/Access_0 | Core integrity restored by X0-1V1 (+443) 67881 | -1/Access_0 | Destroyed 7 combat bots 67882 | -1/Access_0 | Build established: Scavenger-Construct 67905 | -1/Access_0 | Architect warped through subspace 67925 | -1/Access_0 | Subspace Access Node disabled 67929 | -1/Access_0 | Architect warped through subspace 67977 | -1/Access_0 | Architect warped through subspace 68012 | -1/Access_0 | Architect warped through subspace 68055 | -1/Access_0 | Architect warped through subspace 68101 | -1/Access_0 | Architect warped through subspace 68146 | -1/Access_0 | Architect warped through subspace 68152 | -1/Access_0 | X0-1V1 vaporized surrounding terrain (radius 21) 68154 | -1/Access_0 | A5 warped into view 68158 | -1/Access_0 | Destroyed A5 68185 | -1/Access_0 | Architect warped through subspace 68194 | -1/Access_0 | Destroyed A2 68218 | -1/Access_0 | Extracted Singularity Gate Test 138-C access codes from A2's data core 68224 | -1/Access_0 | Architect warped through subspace 68282 | -1/Access_0 | Architect warped through subspace 68317 | -1/Access_0 | Singularity Gate disabled 68346 | -1/Access_0 | Architect warped through subspace 68366 | -1/Access_0 | X0-1V1 revealed exit location to -0/Surface 68388 | -1/Access_0 | Architect warped through subspace 68428 | -1/Access_0 | Architect warped through subspace 68462 | -1/Access_0 | Architect warped through subspace 68479 | -1/Access_0 | A4 warped into view 68482 | -1/Access_0 | Destroyed A4 68486 | -1/Access_0 | Subspace Access Node disabled 68519 | -1/Access_0 | Architect warped through subspace 68561 | -1/Access_0 | Architect warped through subspace 68600 | -1/Access_0 | Architect warped through subspace 68638 | -1/Access_0 | Architect warped through subspace 68660 | -1/Access_0 | Architect warped through subspace 68681 | -1/Access_0 | Architect warped through subspace 68705 | -1/Access_0 | Architect warped through subspace 68729 | -1/Access_0 | Architect warped through subspace 68751 | -1/Access_0 | Architect warped through subspace 68766 | -1/Access_0 | Architect warped through subspace 68771 | -1/Access_0 | Subspace Access Node disabled 68811 | -1/Access_0 | Destroyed Architect 68814 | -1/Access_0 | Extracted unknown sensor trigger ID from Architect's data core 68817 | -1/Access_0 | Found Prototype Hackware 68817 | -1/Access_0 | Identified Architect God Chip D 68821 | -1/Access_0 | Found Prototype Hackware 68821 | -1/Access_0 | Identified Architect God Chip A 68827 | -1/Access_0 | Found Hpw. Transdimensional Reconstructor 68833 | -1/Access_0 | Found Alien Energy Gun 68833 | -1/Access_0 | Identified Modified Sigix Sheargun 68847 | -1/Access_0 | Found Prototype Protection 68847 | -1/Access_0 | Identified Centrium Linked Plating 69204 | -1/Access_0 | X0-1V1 activates XOMVISION 69308 | -1/Access_0 | Found Exp. Powered Armor 69312 | -1/Access_0 | Found Exp. Powered Armor 69317 | -1/Access_0 | X0-1V1 mutated your Utility slot to Propulsion slot 69417 | -1/Access_0 | Found Core Expander 69417 | -1/Access_0 | Installed Core Expander, added new Utility slot 69486 | -1/Access_0 | Found Exp. Powered Armor 69562 | -1/Access_0 | A3 warped into view 69565 | -1/Access_0 | Destroyed A3 69573 | -1/Access_0 | Found Prototype Ballistic Gun 69573 | -1/Access_0 | Identified A3's Sniper Rifle 69577 | -1/Access_0 | Found Prototype Device 69577 | -1/Access_0 | Identified ST Field Compressor 69581 | -1/Access_0 | Found Prototype Hackware 69581 | -1/Access_0 | Identified Deep Network Scanner 69753 | -1/Access_0 | Found Sigix Broadsword 69895 | -1/Access_0 | Core integrity restored by X0-1V1 (+514) 70191 | -1/Access_0 | X0-1V1 caused items to flee you 70350 | -1/Access_0 | Items stopped fleeing you 70365 | -1/Access_0 | Found Sigix Corpse 70388 | -1/Access_0 | Singularity Gate disabled 70506 | -1/Access_0 | Found Hpw. Transdimensional Reconstructor 70542 | -1/Access_0 | Found Core Regenerator 70542 | -1/Access_0 | Used Core Regenerator, restored core integrity (+400) 70630 | -1/Access_0 | Found Chronowheel 70630 | -1/Access_0 | Activated Chronowheel 70630 | -1/Access_0 | Spacetime reconverged on an earlier point 70794 | -1/Access_0 | Found Exp. Powered Armor 70797 | -1/Access_0 | Found Exp. Powered Armor 70831 | -1/Access_0 | X0-1V1 activates XOMVISION 70902 | -1/Access_0 | Warped through subspace to slip node 70904 | -1/Access_0 | Warped through subspace to slip node 70929 | *** | Establishing 0b11! Last Messages --------------- 70797_ Discarded Exp. Powered Armor. 70819_ Acquired 103 matter. 70821_ Acquired 38 matter. 70831_ Suggestive images of robots vie for attention in your data streams. 70831_ X0-1V1: "Enjoy your XOMVISION!" 70877_ Dropped Coolant Network. 70879_ Acquired Coolant Network. 70881_ Dropped Coolant Network. 70886_ Acquired Coolant Network. 70889_ Dropped Coolant Network. 70890_ Acquired Coolant Network. X0-1V1's Piety Tracker suddenly appears amidst shimmering waves of color. 70899_ Acquired X0-1V1's Piety Tracker. 70900_ Discarded X0-1V1's Piety Tracker. 70901_ Acquired Exp. Powered Armor. 70902_ Warped through subspace, drawn to slip node. 70916_ Slug penetrates Dimensional Slip Node. 70916_ Dimensional Slip Node implodes. 70918_ The unstable cave ceiling collapses. 70929_ X0-1V1 smiles upon you. (Received Helical Railgun x2) Map ----- +----------------------------------------------------+ | | | | | | | | | | | | | | | | | | | | | | | | | | | | | | | | | ?????????????????????????????????????????????????? | | ?????????????????????????????????????????????????? | | ?????????????????????????????????????????????????? | | ?????????????????????????????????????????????????? | | ?????????????????????????????????????????????????? | | ?????????????????????????????????????????????????? | | ????????????????????????###??????????????????????? | | ???????????????????????## ##?????????????????????? | | ???????????????????????# #?????????????????????? | | ???????????????????????# @ #?????????????????????? | | ?????????????????????### #?????????????????????? | | ?????????????????????# #?????????????????????? | | ???????????????????# # #???????????????????? | | ???????????????????## #???????????????????? | | ??????????????????# #??????????????????? | | ??????????????????# #??????????????????? | | ??????????????????# # #??????????????????? | | ??????????????????# # ##??????????????????? | | ??????????????????# # # #??????????????????? | | ??????????????????## # # ##??????????????????? | | ???????????????????# # #???????????????????? | | ???????????????????### ####???????????????????? | | ?????????????????????#######?????????????????????? | | ?????????????????????????????????????????????????? | | ?????????????????????????????????????????????????? | | ?????????????????????????????????????????????????? | | ?????????????????????????????????????????????????? | | ?????????????????????????????????????????????????? | | ?????????????????????????????????????????????????? | | ?????????????????????????????????????????????????? | | ?????????????????????????????????????????????????? | | ?????????????????????????????????????????????????? | | ?????????????????????????????????????????????????? | | ?????????????????????????????????????????????????? | +----------------------------------------------------+ Best States ------------- Heat Dissipation 231 Coolant Potential 100 Energy Generation 80 Energy Capacity 3627 Matter Stores 1000 Matter Capacity 1000 Sight Range 30 Terrain Scan Density 10 ECM Strength 2 Cloak Strength 4 Power Amplification 30 Base Temperature (-) 200 Armor Coverage 1800 Resistance: KI 30 Resistance: TH 44 Resistance: EM 75 Propulsion Shielding 33 Point Defense Rating 480 Weapon Cycling 30 Phase Shifting 20 Evasion (%) 90 Targeting Accuracy 20 Launcher Accuracy 40 Core Analysis 12 Armor Integrity Analysis 40 Recoil Reduction 5 Matter Filtering 50 Particle Charging 30 Kinecelleration 66 Salvage Targeting 3 Defensive Hacking 100 Item Schematics ----------------- Exp. Gyrokinetic Inverter | -2/Protoforge | Archive Thermal Barrier | -2/Protoforge | Archive Robot Schematics ------------------ None Fabricated ------------ Proton Cannon | x2 | -6/Factory | Preloaded Repaired ---------- Gauss Rifle | 10% | -8/Materials Studied --------- Lgt. Treads | -8/Materials | Hacked Hvy. Flak Cannon | -6/Factory | Hacked Flak Gun | -6/Factory | Hacked Proton Cannon | -6/Factory | Hacked Imp. Deuterium Engine | -6/Factory | Hacked Enh. Hardcell Cannon | -2/Research | Hacked Enh. Quantum Rifle | -2/Protoforge | Hacked Alien Tech Used ----------------- Subatomic Replicator Phase Redirector Transdimensional Reconstructor Dimensional Node Initializer Sigix Broadsword Phase Armor Core Cannon Sigix Terminator Modified Sigix Sheargun Core Expander Core Regenerator High-powered Transdimensional Reconstructor Achievements -------------- WMD Challenges ------------ None Game ------ Seed RainbowPortableCanceller Manual? 0 Play Time 12:25:41 Cumulative 666.2 hours Start 2026.09.13 @ 17:12:32 End 2026.09.14 @ 08:22:25 Sessions 3 Manual Loads 0 Difficulty Rogue Special Mode None Game No. 357 Rogue 357 Adventurer 0 Explorer 0 Win Type 1 Total 22 Types 10/3/3/1/1/0/1/1/0/2 Lore% 87 Gallery% 86 Achievement% 78 Wizard Run 0 Options --------- Layout 0 ASCII 0 Keyboard 0 Movement Mouse Keybinds 0 Fullscreen 1 Font 18/SmallcapsGlow Map View 76x50 Zoom Use 0% Tactical HUD 1 Map Filters NONE Filters NONE Steam 1 RUN: 0e0631f9-d0e6-41e0-9d49-1d0555fc58d6